Cogmind - Beta 17.1 @@@ ROGUE MODE // 2026.08.31 @ 04:01:17 Player: cptwinky Result: Fortifying 0b10! Performance ------------- Evolutions (9) 4500 Regions Visited (24) 4800 Robots Destroyed (519) 2595 Value Destroyed (35249) 35249 Prototype IDs (159) 3180 Alien Tech Used (3) 600 Bonus (36232) 36232 TOTAL SCORE: 87156 Bonus ------- Triggered High Security 1000 High Alert Combat Kills 14986 Follower Combat Kills 2956 Hunted by Unchained 500 Awakened Behemoth Slayer 1000 Delivered SUBCON Basin 2000 Registered with UFD 300 Met Optimus in HQ 500 Met Imprinter 300 Met Zhirov 300 MAIN.C Attacked Proxy Base 500 Scanned by Researcher 500 Destroyed MAIN.C Guards 500 Met MAIN.C 5000 Destroyed MAIN.C Shell 5000 Win 3000 Friendly Fire -2110 Cogmind --------- Core Integrity 429/1600 Matter 69/300 Energy 796/820 System Corruption 1% Temperature Cool (11) Movement Walking (101) Location By MAIN.C's Side Parts ------- > --- POWER (3) -------- Vortex Chain Reactor Concept Zero-point Core > --- PROPULSION (8) --- Centrium Leg High-density Centrium Leg High-density Centrium Leg Experimental Biometal Leg Experimental Biometal Leg Experimental Biometal Leg Experimental Biometal Leg Experimental Biometal Leg > --- UTILITY (12) ----- Concept Phasing Heat Sink Concept Antigrav Storage Unit Concept Weapon Articulator Experimental Core Analyzer Experimental Armor Integrity Analyzer Experimental Weapon Cycler Concept RG22 Armor Concept RG22 Armor Graphene Brace Experimental EM Shield Advanced Shield Generator Concept Impact Drone Bay (0/6) > --- WEAPON (2) ------- Heavy Hardcell Cannon > --- INVENTORY (25) --- Heavy Antimatter Reactor Heavy Antimatter Reactor Heavy Antimatter Reactor Improved Quantum Reactor Vortex Chain Reactor Experimental Biometal Leg Experimental Biometal Leg Advanced Coolant Injector Concept Chromion Battery (800) Concept Chromion Battery (800) Concept NT7 Matterbank (750) Microactuators Phase Shifter Concept Matter Streamer Cooled Phase Cannon Compact Mass Driver Concept Deflector Sword Sigix Broadsword Experimental Jetlance Peak State ------------ > --- POWER ------------ Hybrid Graviton Reactor Concept Zero-point Core Concept Zero-point Core > --- PROPULSION ------- Experimental Armored Exoskeleton Experimental Armored Exoskeleton > --- UTILITY ---------- Concept Phasing Heat Sink Concept Antigrav Storage Unit Advanced Melee Analysis Suite Concept Melee Reflex Suite Experimental Armor Integrity Analyzer Femtoactuators Concept Reaction Jets Concept Cloak Mesh Concept RG22 Armor Concept RG22 Armor Concept Energy Mantle System Mapper > --- WEAPON ----------- Sigix Broadsword > --- INVENTORY -------- Heavy Antimatter Reactor Heavy Antimatter Reactor Heavy Antimatter Reactor Quantum Reactor Concept Zero-point Core Centrium Leg High-density Centrium Leg Concept Thermoelectric Network Concept Chromion Battery Concept Chromion Battery Concept NT7 Matterbank Concept Weapon Articulator Experimental Weapon Cycler Graphene Brace Concept Matter Streamer Concept Impact Drone Bay Transdimensional Reconstructor Concept Lightning Penetrator Concept Plasma Driver Concept Plasma Driver Concept Miniperforator Enhanced Gamma Bomb Array Concept Deflector Sword Experimental Jetlance Experimental Jetlance [Rating: 301] Favorites ----------- Power Heavy Deuterium Engine Engine Heavy Deuterium Engine Power Core Concept Zero-point Core Reactor Heavy Antimatter Reactor Propulsion Enhanced Armored Leg Treads Spiked Treads Leg Enhanced Armored Leg Wheel Compact Wheel Flight Unit Cooled Nuclear Pulse Thruster Utility Core Analyzer Device Experimental Sensor Array Storage Large Storage Unit Processor Core Analyzer Hackware Improved System Shield Protection Concept RG22 Armor Weapon Heavy Flak Cannon Energy Gun Medium Laser Energy Cannon Long-range Proton Cannon Ballistic Gun Assault Rifle Ballistic Cannon Heavy Flak Cannon Launcher Long-range Missile Launcher Special Weapon Makeshift Laser Shovel Impact Weapon Makeshift Hammer Slashing Weapon Sigix Broadsword Piercing Weapon Experimental Jetlance Special Melee Weapon Datajack Build | -11 -10 -10 -9 -9 -6 -6 -6 -6 -5 -5 -5 -5 -5 -4 -4 -4 -4 -3 -3 -3 -2 -2 -1 -1 ------- Run | Yrd Mat Sub Rec Scr Fac Low Low Zio Pro Fac Upp Upp Zhi Pro Fac Upp Upp Res Qua Frg Res Tes Acc Com Slots Evolved 18 | . . . . . 8 . . . . 2 . . . . 2 . . 2 . . 2 . 2 . Power 2 | . . . . . . . . . . 1 . . . . . . . . . . 1 . . . Propulsion 6 | . . . . . 3 . . . . 1 . . . . . . . 2 . . . . . . Utility 10 | . . . . . 5 . . . . . . . . . 2 . . . . . 1 . 2 . Weapon . | . . . . . . . . . . . . . . . . . . . . . . . . . Parts Attached 287 | 6 8 24 . 8 44 2 5 3 3 21 5 9 3 5 13 15 1 3 19 51 4 1 9 25 Power 40 | 1 1 5 . 2 6 . . . . 1 2 2 2 1 1 . . 1 3 9 1 . . 2 Engine 19 | 1 1 5 . 2 4 . . . . 1 2 2 1 . . . . . . . . . . . Core 7 | . . . . . 2 . . . . . . . . 1 . . . 1 . 1 1 . . 1 Reactor 14 | . . . . . . . . . . . . . 1 . 1 . . . 3 8 . . . 1 Propulsion 65 | 2 1 4 . 2 13 1 2 1 1 9 . . . 1 3 5 . 1 6 4 . . . 9 Treads 8 | 2 1 2 . . . . 1 . 1 . . . . . . 1 . . . . . . . . Leg 31 | . . 1 . . 1 1 . . . 8 . . . 1 3 4 . . . 3 . . . 9 Wheel 17 | . . 1 . 2 12 . 1 1 . . . . . . . . . . . . . . . . Hover . | . . . . . . . . . . . . . . . . . . . . . . . . . Flight 9 | . . . . . . . . . . 1 . . . . . . . 1 6 1 . . . . Utility 119 | 1 4 6 . 3 17 1 3 . 1 8 2 4 1 1 6 5 1 1 7 27 3 1 7 9 Device 65 | . . 3 . 1 8 . 3 . 1 5 2 2 . . 3 4 1 . 3 16 2 1 3 7 Storage 10 | 1 2 1 . . 1 . . . . . . . . . . . . . 2 2 . . . 1 Processor 17 | . . . . 1 5 . . . . 1 . 1 . . 1 . . . . 3 1 . 3 1 Hackware 5 | . . . . . 1 . . . . 1 . . . . 1 . . . 1 . . . 1 . Protection 22 | . 2 2 . 1 2 1 . . . 1 . 1 1 1 1 1 . 1 1 6 . . . . Artifact . | . . . . . . . . . . . . . . . . . . . . . . . . . Weapon 63 | 2 2 9 . 1 8 . . 2 1 3 1 3 . 2 3 5 . . 3 11 . . 2 5 Energy Gun 10 | 1 1 1 . . 1 . . . . . . . . . 1 1 . . 1 2 . . . 1 Energy Cannon 16 | . . 1 . . 1 . . . . 3 . 1 . 1 2 1 . . 1 3 . . . 2 Ballistic Gun 7 | 1 . 3 . . 1 . . . . . . . . 1 . . . . . 1 . . . . Ballistic Cannon 10 | . . 2 . . 3 . . . . . . . . . . 1 . . . 2 . . . 2 Launcher 6 | . . 1 . . 2 . . . 1 . 1 . . . . . . . . . . . 1 . Special Weapon 3 | . 1 . . . . . . . . . . 1 . . . 1 . . . . . . . . Impact Weapon 1 | . . 1 . . . . . . . . . . . . . . . . . . . . . . Slashing Weapon 4 | . . . . . . . . . . . . . . . . 1 . . 1 1 . . 1 . Piercing Weapon 4 | . . . . . . . . 1 . . . 1 . . . . . . . 2 . . . . Special Melee Weapon 2 | . . . . 1 . . . 1 . . . . . . . . . . . . . . . . Unidentified Prototypes 38 | . . . . . 2 1 1 . . 2 . 1 3 . . . . . 1 13 . . 5 9 Corrupted Parts 4 | . . . . . . . . . 1 . . . . 2 . 1 . . . . . . . . System Corruption 23 | . . . . . . . . . 3 . . . . 16 . 4 . . . . . . . . Parts Lost 46 | . . 9 . . 8 1 . . . 3 1 3 . 1 3 1 . 1 . 6 . . 1 8 Power 4 | . . 1 . . 1 . . . . . 1 . . . . . . . . 1 . . . . Propulsion 9 | . . 3 . . 5 1 . . . . . . . . . . . . . . . . . . Utility 20 | . . 1 . . 2 . . . . 2 . 3 . . 2 . . 1 . 4 . . 1 4 Weapon 13 | . . 4 . . . . . . . 1 . . . 1 1 1 . . . 1 . . . 4 Highest Loss Streak 3 | . . 3 . . 2 1 . . . 2 1 1 . 1 3 1 . 1 . 1 . . 1 3 To Critical Strikes . | . . . . . . . . . . . . . . . . . . . . . . . . . Average Backups 14 | 3 9 16 8 15 12 12 12 12 11 12 12 12 12 12 13 14 15 14 11 17 20 19 22 21 Power 1 | . 1 1 1 . . 1 1 1 1 . . . . . . 1 1 . . . 1 1 4 4 Propulsion 2 | 1 3 3 1 2 . . . . . 2 3 2 2 4 4 5 6 5 2 . . . . 1 Utility 5 | . 2 5 2 6 4 5 6 7 5 3 4 3 2 1 3 3 4 4 3 11 11 9 9 9 Weapon 4 | 1 2 6 1 3 4 4 3 3 4 4 4 4 4 3 1 2 2 2 2 3 7 7 7 6 Tool/Special . | . . . . . . . . . . . . . . . . . . . . . . . . . Unused Backups 63 | . 2 10 . 3 10 . 4 . 1 4 1 . . 2 . 1 . 1 . 7 . . . 17 Power 12 | . . 1 . 1 1 . 1 . . . . . . . . . . . . 1 . . . 7 Propulsion 11 | . 1 3 . . 1 . 2 . . . . . . . . 1 . 1 . . . . . 2 Utility 29 | . . 2 . 2 5 . 1 . 1 2 1 . . 2 . . . . . 6 . . . 7 Weapon 9 | . 1 4 . . 2 . . . . 2 . . . . . . . . . . . . . . Tool/Special 2 | . . . . . 1 . . . . . . . . . . . . . . . . . . 1 Average Slot Usage (%) 90 | . 94 98 85 96 98 92 89 80 85 95 99 95 89 98 90 99 100 85 87 73 64 68 71 80 Engine 7 | . 14 14 14 14 3 6 6 6 6 11 11 11 8 5 3 . . . . . . . . . Core 1 | . . . . . 2 . . . . . . . . . 3 . . 1 1 1 8 8 8 6 Reactor 2 | . . . . . . . . . . . . . 1 5 6 10 10 7 6 7 4 4 4 3 Treads 10 | . 28 27 28 27 5 . 5 6 6 . . . . . . . . . . . . . . . Leg 10 | . . . . . . 10 6 6 6 33 35 35 35 34 30 31 31 28 13 7 8 8 8 16 Wheel 4 | . . . . . 25 21 20 14 13 . . . . . . . . . . . . . . . Device 11 | . . 11 . . 5 6 6 6 6 9 11 11 13 9 17 21 21 13 15 21 20 21 20 22 Storage 8 | . 14 13 14 14 6 6 6 6 6 5 5 5 5 5 5 5 5 4 3 4 4 4 4 4 Processor 10 | . . . . 6 23 20 20 20 20 13 17 13 11 11 9 10 10 9 9 9 8 8 11 11 Protection 4 | . 9 1 . 4 6 6 2 . 5 3 5 3 7 11 5 4 5 4 2 4 4 7 8 8 Energy Cannon 4 | . . 4 14 13 3 . . . . 5 10 10 1 10 5 5 4 . 1 2 . . . 1 Ballistic Gun 2 | . 14 8 . . . . . . . . . . . . . . . . . . . . . . Ballistic Cannon 3 | . . 5 . . 8 9 11 8 12 5 . . . . . 2 5 4 1 2 . . . 1 Impact Weapon 3 | . . 8 14 13 . 2 1 . . . . . . . . . . . . . . . . . Peak Build Rating 301 | 6 8 34 34 28 66 70 75 81 81 107 105 105 108 117 133 127 121 123 155 255 274 281 299 301 Average Rating 97 | 5 7 16 21 24 53 67 71 78 76 99 104 99 92 108 126 120 120 117 123 217 272 274 294 284 On Entrance 108 | . 6 8 34 16 27 59 64 75 81 75 101 101 103 108 117 117 117 121 110 151 255 274 281 299 Avg Prop Armor Cover (%) 8 | . . 9 . . 10 5 8 10 6 10 . . . . . . . . . . . . . 14 Naked Turns . | . . . . . . . . . . . . . . . . . . . . . . . . . Heaviest Build 132 | 12 50 60 56 69 83 66 69 57 71 74 76 84 84 94 118 96 94 109 110 129 99 108 105 132 Greatest Support 234 | 40 40 40 40 40 74 58 52 42 38 120 116 120 120 125 125 133 133 133 133 200 200 200 200 234 Greatest Overweight (x) 4 | . 1 2 1 1 4 1 1 1 1 2 . . . . . . . . 1 . . . . . Average Overweight (x) . | . . 1 . 1 . . 1 . 1 . . . . . . . . . . . . . . . Largest Inventory Capacity 25 | 8 20 25 25 20 20 15 15 15 15 15 15 15 15 15 15 15 15 15 15 25 25 25 25 25 Average Capacity 17 | 7 9 20 21 20 15 15 15 15 15 15 15 15 15 15 15 15 15 15 12 19 25 25 25 25 Most Carried 25 | 7 10 25 25 20 19 15 15 15 15 15 15 15 15 15 15 15 15 15 15 25 24 24 25 25 Average Carried 16 | 3 9 19 15 18 15 14 14 14 13 14 14 14 14 14 14 14 15 14 11 18 20 19 22 23 Final Capacity 25 | 8 20 25 20 20 15 15 15 15 15 15 15 15 15 15 15 15 15 15 10 25 25 25 25 25 Final Carried 25 | 7 10 25 12 20 15 15 15 15 15 15 15 15 15 15 15 15 15 15 10 25 20 22 22 21 Class Distribution -------------------- 55% | Mutant 25% | Scavenger-Mutant 6% | Derelict-Mutant 3% | Gladiator 3% | Hacker-Gladiator Dominant Class ---------------- Mutant | -10/Materials Mutant | -10/Subcaves Mutant | -9/Recycling Mutant | -9/Scraptown Scavenger-Mutant | -6/Factory Scavenger-Mutant | -6/Lower Caves Mutant | -6/Lower Caves Mutant | -6/Zion Mutant | -5/Proximity Caves Mutant | -5/Factory Mutant | -5/Upper Caves Scavenger-Mutant | -5/Upper Caves Mutant | -5/Zhirov Mutant | -4/Proximity Caves Scavenger-Mutant | -4/Factory Scavenger-Mutant | -4/Upper Caves Scavenger-Mutant | -4/Upper Caves Scavenger-Mutant | -3/Research Scavenger-Mutant | -3/Quarantine Scavenger-Mutant | -3/Protoforge Gladiator | -2/Research Gladiator | -2/Testing Hacker-Gladiator | -1/Access Scavenger-Mutant | -1/Command Resources | -11 -10 -10 -9 -9 -6 -6 -6 -6 -5 -5 -5 -5 -5 -4 -4 -4 -4 -3 -3 -3 -2 -2 -1 -1 ----------- Run | Yrd Mat Sub Rec Scr Fac Low Low Zio Pro Fac Upp Upp Zhi Pro Fac Upp Upp Res Qua Frg Res Tes Acc Com Matter Collected 20192 | 269 170 992 10 50 2044 528 1999 364 2044 870 215 383 . 492 240 555 155 . 698 5452 114 330 404 1814 Remotely 1167 | . . . . . 145 . . . . . . . . . . . . . . 802 . . . 220 Salvage Created 32449 | 100 193 475 . . 2448 506 548 . 264 1241 143 742 95 1285 1709 570 224 461 961 10996 727 1523 3421 3817 Parts 1273 | 4 13 31 . . 88 9 16 . 11 47 7 39 1 36 64 16 2 22 42 499 20 72 145 89 Haulers Intercepted 7 | . 1 . . . 2 . . . . 1 . . . . . . . . 2 . . . 1 . Recyclers Shooed 14 | 1 . . . . 6 . . . . 2 . . . . 3 . 1 1 . . . . . . Parts Field Recycled . | . . . . . . . . . . . . . . . . . . . . . . . . . Retrieved Matter . | . . . . . . . . . . . . . . . . . . . . . . . . . Parts Self-Destructed 179 | . . 19 . . . 6 25 . 54 . 5 18 1 27 . 24 . . . . . . . . Prevented 119 | . . . . . . . . . 62 . . 17 . 29 . 11 . . . . . . . . Parts Restored 14 | . . . . . . . . . . . . . . . . . . . . 14 . . . . Faulty 14 | . . . . . . . . . . . . . . . . . . . . 14 . . . . Kills | -11 -10 -10 -9 -9 -6 -6 -6 -6 -5 -5 -5 -5 -5 -4 -4 -4 -4 -3 -3 -3 -2 -2 -1 -1 ------- Run | Yrd Mat Sub Rec Scr Fac Low Low Zio Pro Fac Upp Upp Zhi Pro Fac Upp Upp Res Qua Frg Res Tes Acc Com Combat Hostiles Destroyed 455 | . 4 22 . . 43 8 3 . 13 22 3 17 . 16 25 6 . 14 6 155 8 16 38 36 Melee 51 | . . 1 . . . . . . . . . . . . 2 . . . . 9 8 4 20 7 Guns 25 | . 4 5 . . . . . . . . . . . . . . . . . 16 . . . . Cannons 257 | . . 11 . . 37 7 1 . 1 13 2 5 . 5 12 4 . . 5 110 . 12 13 19 AOE 67 | . . 5 . . 5 1 2 . 12 5 . 9 . 3 3 2 . 14 . . . . 2 4 Classes Destroyed 30 | 2 4 1 . . 6 1 2 . . 2 1 . . 1 . . . . 1 7 . . 1 1 Worker 12 | . . . . . 2 . . . . 2 . . . . 1 . . 1 . 3 . 1 2 . Builder 6 | . . . . . 2 . . . . . . . . . 1 . . 1 . 1 . . 1 . Tunneler 2 | 1 . . . . . . . . . . . . . . 1 . . . . . . . . . Hauler 7 | . 1 . . . 2 . . . . 1 . . . . . . . . 2 . . . 1 . Recycler 13 | 1 . . . . 7 . . . . 1 . . . . . . . 2 2 . . . . . Minesweeper 2 | . . . . . . . . . . . . . . 2 . . . . . . . . . . Mechanic 2 | . . . . . . . . . . . . . . . . . . . . 1 . 1 . . Operator 4 | . 1 . . . . . . . . . . . . . 1 . . . 1 1 . . . . Drone 9 | . . . . . . . . . . . . . . . . . . . . 9 . . . . Watcher 5 | . . . . . . . . . . 1 . . . 2 . . . . . . . 2 . . Swarmer 58 | . 2 3 . . 11 1 . . 9 . 2 5 . . 1 . . 14 . . . . . 10 Saboteur 4 | . . . . . . . . . . . . . . . . . . . . 4 . . . . Grunt 167 | . 2 . . . 20 5 1 . 4 14 . 5 . 12 17 3 . . . 54 6 6 18 . Brawler 13 | . . . . . . 1 . . . 1 . 1 . 1 1 . . . . 8 . . . . Duelist 15 | . . . . . . . 1 . . . . 1 . . 2 . . . . 10 . . 1 . Protector 11 | . . . . . . . . . . 1 . . . . . . . . . 10 . . . . Researcher 5 | . . . . . . . . . . . . . . . . . . . 1 3 . 1 . . Sentry 29 | . . . . . 3 1 1 . . 2 . 1 . 3 1 1 . . . 8 2 3 2 1 Specialist 3 | . . . . . 2 . . . . 1 . . . . . . . . . . . . . . Hunter 30 | . . . . . 2 . . . . . . 2 . . 1 1 . . 3 9 . 4 6 2 Programmer 42 | . . . . . 5 . . . . 3 . 1 . . 2 . . . 3 20 . 3 5 . Q-Series 6 | . . . . . . . . . . . . . . . . . . . . . . . 6 . Behemoth 3 | . . . . . . . . . . . 1 1 . . . . . . . 1 . . . . M Guard 2 | . . . . . . . . . . . . . . . . . . . . . . . . 2 Enhanced Q-Series 18 | . . . . . . . . . . . . . . . . . . . . . . . . 18 Decapitator 6 | . . . . . . . . . . . . . . . . . . . . 6 . . . . Immortal 5 | . . . . . . . . . . . . . . . . . . . . 5 . . . . Combat Programmer 2 | . . . . . . . . . . . . . . . . . . . . . . . . 2 Executioner 1 | . . . . . . . . . . . . . . . . . . . . . . . . 1 Alpha 7 2 | . . . . . . . . . . . . . . . . . . . . 2 . . . . V-Series 9 | . . . . . . . . . . . . . . . . . . . . 9 . . . . Subdweller 19 | . . 19 . . . . . . . . . . . . . . . . . . . . . . Packrat 6 | . . . . . . 3 . . . . . . . . . . 3 . . . . . . . Tinkerer 1 | . . . . . . . . . . . . . . . . . . . . 1 . . . . Thug 1 | . . . . . . . 1 . . . . . . . . . . . . . . . . . Savage 1 | . . . . . . . 1 . . . . . . . . . . . . . . . . . Butcher 2 | . . . . . . . 2 . . . . . . . . . . . . . . . . . Guerrilla 1 | . . . . . . . 1 . . . . . . . . . . . . . . . . . Mutant 2 | . . . . . . . 1 . . . . . . . . 1 . . . . . . . . Commander 1 | . . . . . . . 1 . . . . . . . . . . . . . . . . . Best Kill Streak 22 | 2 2 3 . . 7 3 2 . 5 6 2 5 . 4 5 3 . 12 2 22 3 6 11 7 Combat Bots Only 19 | . 2 3 . . 7 3 2 . 5 4 2 5 . 4 4 3 . 9 2 19 3 6 9 7 Max Kills in Single Turn 4 | 1 1 1 . . 4 2 2 . 3 2 1 4 . 2 3 1 1 4 1 4 1 2 4 3 Gunslinging . | . . . . . . . . . . . . . . . . . . . . . . . . . Exploded 4 | . . 1 . . 4 1 2 . 3 2 . 4 . 2 3 1 . 4 . . . . 2 3 Melee 2 | . . 1 . . . . . . . . . . . . 1 . . . . 1 1 1 2 1 Uniques/NPCs Destroyed 1 | . . . . . . . . . . . . . . . . . . . . . . . . 1 MAIN.C Shell (-1/Command) Combat | -11 -10 -10 -9 -9 -6 -6 -6 -6 -5 -5 -5 -5 -5 -4 -4 -4 -4 -3 -3 -3 -2 -2 -1 -1 -------- Run | Yrd Mat Sub Rec Scr Fac Low Low Zio Pro Fac Upp Upp Zhi Pro Fac Upp Upp Res Qua Frg Res Tes Acc Com Hostile Shots Fired 2547 | . 20 101 . . 207 28 30 . 36 104 40 48 . 83 180 52 . 50 97 525 58 147 240 501 Missed 930 | . 5 34 . . 67 15 11 . 13 34 9 22 . 30 39 14 . 17 29 235 26 67 106 157 Hits 1617 | . 15 67 . . 140 13 19 . 23 70 31 26 . 53 141 38 . 33 68 290 32 80 134 344 Melee 22 | . . . . . . . . . . . . 1 . . 10 . . . . 11 . . . . Projectile 1595 | . 15 67 . . 140 13 19 . 23 70 31 25 . 53 131 38 . 33 68 279 32 80 134 344 AOE 36 | . . . . . . . . . 3 1 . . . . . 1 . . . 4 . 1 8 18 Critical Strikes 100 | . 1 . . . 6 . . . 2 6 3 . . 3 9 1 . 1 3 28 1 5 6 25 Actively Blocked 23 | . . . . . . . . . . . . . . . . . . . . . . . . 23 Part Disruptions 12 | . . . . . . . . . . . . . . . 1 2 . . . . . . 1 8 Damage Taken 28472 | . 213 1334 . . 2039 136 88 . 555 1526 513 803 . 953 1997 451 . 558 659 5225 554 820 1742 8306 Core 2797 | . 41 166 . . 225 . 2 . 76 61 18 84 . 121 182 39 . 33 27 530 . 21 58 1113 Absorbed by Shields 12969 | . . . . . 104 36 80 . 215 167 182 10 . . 1368 311 . 351 309 2684 536 784 1681 4151 Redirected to Shielding 153 | . . . . . . . . . . . . . . 47 84 . . . . 22 . . . . Ignored by Resistances 1203 | . . 9 . . . . . . . . . . . . . . . . . . . . . 1194 Regen/Repaired (Parts) 4544 | . 56 . . . 437 . . 26 41 217 . . . . . . . . . 696 178 344 780 1769 Core Remaining (%) 63 | 100 . . . 17 . . . . 64 . . . . 71 . . 80 . . 54 . 98 . 26 Volleys Fired 1238 | 3 45 84 . . 118 14 4 . 22 68 11 41 . 39 122 30 8 16 27 356 3 16 23 188 Largest 2 | 2 2 2 . . 2 2 2 . 2 2 1 2 . 2 2 2 1 1 2 2 1 1 1 2 Hottest 280 | 70 100 100 . . 160 88 88 . 88 162 98 162 . 162 169 169 81 81 169 280 140 140 140 280 Shots Fired 1666 | 6 68 147 . . 222 25 7 . 31 118 11 58 . 75 123 40 9 16 30 420 3 16 23 218 Gun 268 | 6 65 67 . . 12 . . . . . . . . . . . . . 1 91 . . . 26 Cannon 1317 | . . 65 . . 208 22 6 . 19 112 11 53 . 70 121 34 9 4 28 329 3 16 21 186 Launcher 77 | . . 15 . . 2 3 1 . 12 6 . 5 . 5 2 6 . 12 . . . . 2 6 Special 4 | . 3 . . . . . . . . . . . . . . . . . 1 . . . . . Kinetic 734 | 3 24 111 . . 169 22 6 . 19 57 . . . . . 11 1 . 12 209 . 12 5 73 Thermal 572 | 3 44 21 . . 39 . . . . 10 11 19 . 1 112 . . . 2 174 3 4 16 113 Explosive 69 | . . 15 . . 2 3 1 . 12 6 . 5 . 5 2 6 . 12 . . . . . . Electromagnetic 291 | . . . . . 12 . . . . 45 . 34 . 69 9 23 8 4 16 37 . . 2 32 Robot Hit Streak 42 | 5 6 16 . . 18 14 5 . 8 9 1 5 . 7 8 6 7 3 4 29 . 22 10 42 Robot Miss Streak 13 | 1 8 2 . . 13 13 2 . 8 8 2 3 . 4 2 3 1 2 3 6 . 2 3 5 Penetration Max 3 | . . . . . . . . . . . . . . . . . . . . 3 . 1 3 1 Secondary Targets 1 | . 1 . . . . . . . . . . . . . . . . . . . . . . . Max Gunslinging Chain 1 | . 1 . . . . . . . . . . . . . . . . . . . . . . . Shots Hit Robots 1413 | 5 33 113 . 1 189 23 16 1 22 89 7 27 4 62 82 23 6 3 37 293 30 33 95 219 Core Hits 1280 | 4 12 35 . . 245 37 11 . 43 124 2 26 . 32 41 19 2 27 13 380 10 29 57 131 Critical Kills 157 | . . . . . 1 . . . . . . . . . 7 1 . . 2 113 . 12 15 6 Critical Parts Destroyed 179 | . . . . . . . 2 . . . . . . . . 1 . . 4 110 . 14 15 33 Critical Strikes 437 | 1 2 3 . . 1 . 2 . . . 1 . . 1 8 4 . . 11 257 3 27 40 76 Burn 3 | 1 2 . . . . . . . . . . . . . . . . . . . . . . . Meltdown 29 | . . . . . 1 . . . . . . . . . 7 . . . . 16 . . 2 3 Destroy 340 | . . . . . . . . . . . . . . . . 2 . . 6 238 . 26 28 40 Blast 9 | . . 3 . . . . . . . . . . . . . . . . . . . . . 6 Corrupt 2 | . . . . . . . . . . . . . . 1 . 1 . . . . . . . . Smash 2 | . . . . . . . 2 . . . . . . . . . . . . . . . . . Sever 14 | . . . . . . . . . . . . . . . . . . . . . 3 1 10 . Impale 38 | . . . . . . . . . . . 1 . . . 1 1 . . 5 3 . . . 27 Melee Attacks 504 | . . 62 . 1 11 5 18 2 6 2 7 1 4 19 7 5 . 4 39 50 38 32 116 75 Impact 95 | . . 62 . . 10 5 18 . . . . . . . . . . . . . . . . . Slashing 250 | . . . . . . . . . . . . . . . . . . . 6 30 38 32 116 28 Piercing 133 | . . . . . . . . 1 5 2 7 1 1 . 7 5 . 4 33 20 . . . 47 Sneak Attacks 67 | . . . . 1 3 3 11 1 2 . . . 3 19 . . . . 4 13 4 3 . . Combat Hostiles 5 | . . . . . . . . . . . . . . . . . . . . 1 4 . . . Follow-up Attacks 14 | . . . . . . . . . . . . . . . . . . . . . . . . 14 Martial Strikes 42 | . . . . . . . . . . . . . . . . . . . . . 5 7 23 7 Damage Inflicted 74479 | 69 417 2765 . . 5148 1117 1322 . 2030 3833 191 1792 . 2558 5030 1160 261 2224 2101 16654 2732 2080 8300 12695 Guns 2838 | 66 390 916 . . 211 . . . . . . . . . . . . . . 1075 . . . 180 Cannons 38644 | . . 836 . . 4215 484 123 . 444 2541 95 704 . 1538 4159 527 261 28 609 12692 . 172 869 8347 Explosions 10907 | . . 881 . . 471 350 194 . 1454 1260 . 1088 . 1020 605 488 . 2196 . . . . 448 452 Melee 21701 | . . 132 . . 251 283 1005 . 132 . 96 . . . 70 145 . . 1435 2837 2708 1908 6983 3716 Ramming 384 | 3 27 . . . . . . . . 32 . . . . 196 . . . 52 50 24 . . . Kinetic 13579 | 28 165 1480 . . 3388 484 123 . 444 1444 . . . . . 97 . . 272 2415 . 172 127 2940 Thermal 22702 | 38 225 272 . . 1102 . . . . . 95 40 . . 3904 . . 101 5 10771 . . 742 5407 Explosive 9631 | . . 881 . . 196 350 194 . 1454 1260 . 1088 . 1020 605 488 . 2095 . . . . . . Electromagnetic 6482 | . . . . . 211 . . . . 1097 . 664 . 1538 255 430 261 28 337 581 . . 448 632 Impact 1671 | . . 132 . . 251 283 1005 . . . . . . . . . . . . . . . . . Slashing 14605 | . . . . . . . . . . . . . . . . . . . 476 1695 2708 1908 6983 835 Piercing 5425 | . . . . . . . . . 132 . 96 . . . 70 145 . . 959 1142 . . . 2881 Highest Corruption 21 | . . . . . 1 1 1 1 4 2 . 5 5 21 3 7 4 . 3 14 . . 4 15 Average Corruption 4 | . . . . . 1 1 1 1 1 1 . 5 5 5 2 4 4 . 2 7 . . 3 5 Corruption Purged 26 | . . . . . . . . . . 2 . . . . . 3 . . . 3 . . . 18 Corruption Blocked . | . . . . . . . . . . . . . . . . . . . . . . . . . Effects 327 | . . . . . . 8 17 . 16 7 . 20 6 46 11 29 14 . 6 124 . . 2 21 Message Errors 62 | . . . . . . 2 2 . 1 3 . 3 1 12 . 5 5 . 1 23 . . . 4 Matter Fused 84 | . . . . . . 1 7 . 5 1 . 5 2 12 3 6 1 . 3 29 . . . 9 Heat Flow Errors 45 | . . . . . . 1 5 . 2 . . 5 . 3 3 4 1 . . 18 . . . 3 Energy Discharges 28 | . . . . . . 2 . . 3 1 . 1 1 2 1 4 2 . . 10 . . . 1 Parts Rejected 9 | . . . . . . 1 . . . . . 1 . . 1 1 . . . 4 . . . 1 Parts Fused 5 | . . . . . . . . . . . . . 1 1 . . 1 . . 1 . . . 1 Data Loss (minor) 50 | . . . . . . 1 2 . 3 1 . 2 1 9 1 5 3 . . 18 . . 2 2 Data Loss (major) 15 | . . . . . . . 1 . 1 1 . 2 . 3 1 1 . . . 5 . . . . Misfires 17 | . . . . . . . . . 1 . . 1 . 3 . 2 1 . 1 8 . . . . Alerts 6 | . . . . . . . . . . . . . . 1 . . . . 1 4 . . . . Weapon Failures 6 | . . . . . . . . . . . . . . . 1 1 . . . 4 . . . . Overload Shots 2 | . . . . . . . . . . . . . . . . . . . . . . . . 2 Overflow Damage 4563 | . . 1 . . 143 174 266 . 58 55 . 38 . 57 205 98 97 78 525 914 375 452 595 432 Projectiles 1014 | . . . . . . . . . . . . 38 . 57 164 . 97 . 23 348 . . 80 207 Explosions 322 | . . . . . 95 . . . 58 55 . . . . 28 . . 78 . . . . 8 . Melee 3227 | . . 1 . . 48 174 266 . . . . . . . 13 98 . . 502 566 375 452 507 225 Knockbacks 204 | . . 13 . . 69 6 4 . 5 18 . . . . 2 1 . . 5 47 . 9 3 22 Impact 12 | . . . . . 1 1 4 . . 2 . . . . 2 . . . 1 1 . . . . Kinetic 175 | . . 13 . . 59 5 . . 5 14 . . . . . 1 . . 4 41 . 9 3 21 Secondary 17 | . . . . . 9 . . . . 2 . . . . . . . . . 5 . . . 1 Self-Inflicted Damage 351 | . . . . . 44 . . . 61 . . 34 . . . . . 163 . . . . 49 . Shots 12 | . . . . . 1 . . . 2 . . 1 . . . . . 4 . . . . 4 . Rammed 10 | 2 8 . . . . . . . . . . . . . . . . . . . . . . . Targets Rammed 32 | 2 8 . . . . . . . . 4 . . . . 10 . . . 3 3 2 . . . Kicked 22 | . . . . . . . . . . 4 . . . . 10 . . . 3 3 2 . . . Crushed . | . . . . . . . . . . . . . . . . . . . . . . . . . Highest Temperature 324 | 18 144 20 . . 169 76 161 . 210 90 282 224 . 172 153 229 96 7 324 233 246 196 94 223 Average Temperature 72 | 9 42 10 . . 36 18 56 . 43 16 98 69 . 37 9 92 54 4 127 76 123 51 32 123 Received Heat Transfer 4161 | . 102 255 . . 504 37 34 . 129 334 303 69 . 330 333 51 . 12 419 548 66 49 95 491 Thermoelectric Energy+ 3104 | . . . . . . . . . . . . . . . . . . . . . . . . 3104 Effects 14 | . . . . . . . . . . . 1 . . . . . . . . 3 . . . 10 Energy Bleed 3 | . . . . . . . . . . . 1 . . . . . . . . . . . . 2 Interference 11 | . . . . . . . . . . . . . . . . . . . . 3 . . . 8 Siege Activations . | . . . . . . . . . . . . . . . . . . . . . . . . . Martial Activations . | . . . . . . . . . . . . . . . . . . . . . . . . . Shielding Activations . | . . . . . . . . . . . . . . . . . . . . . . . . . Robots Disrupted 3 | . . . . . 1 . . . . . . . . . . 1 . . . . . . 1 . Combat Hostiles 3 | . . . . . 1 . . . . . . . . . . 1 . . . . . . 1 . Robots Corrupted 29 | . . . . . . 2 3 . . 4 . 2 . 9 1 . . . 1 3 . . 1 3 Combat Hostiles 23 | . . . . . . . . . . 4 . 2 . 8 1 . . . 1 3 . . 1 3 Parts Fried 67 | . . . . . 2 1 5 . . 10 . 6 . 13 3 4 . . 3 10 . . 4 6 Impact Corruptions 16 | . . 1 . . 1 6 6 . . . . . . . 1 . . . 1 . . . . . Robots Melted 29 | . . . . . 1 . . . . . . . . . 7 . . . . 16 . . 2 3 Combat Hostiles 29 | . . . . . 1 . . . . . . . . . 7 . . . . 16 . . 2 3 Parts Melted 68 | 1 . . . . 3 . . . . . 1 . . . 15 . . . . 31 . . 4 13 Heat Transferred 12537 | 185 792 349 . . 1186 . . . . . 150 50 . . . . . . . 5748 . . 450 3627 Parts Sabotaged . | . . . . . . . . . . . . . . . . . . . . . . . . . Parts Stolen . | . . . . . . . . . . . . . . . . . . . . . . . . . Parts Stripped . | . . . . . . . . . . . . . . . . . . . . . . . . . Power Chain Reactions 3 | . . . . . 2 . . . . . . . . . . . . 1 . . . . . . Alert | -11 -10 -10 -9 -9 -6 -6 -6 -6 -5 -5 -5 -5 -5 -4 -4 -4 -4 -3 -3 -3 -2 -2 -1 -1 ------- Run | Yrd Mat Sub Rec Scr Fac Low Low Zio Pro Fac Upp Upp Zhi Pro Fac Upp Upp Res Qua Frg Res Tes Acc Com Maximum Alert Level 5 | . . . . . 3 . . . . 4 . . . . 2 . . 2 1 5 5 5 5 4 Low Security (%) 28 | 100 100 . 100 . 50 . . . . . . . . . 42 . . 50 20 1 . . . 47 Level 1 10 | . . . . . 10 . . . . 17 . . . . 38 . . 27 79 3 . . . . Level 2 10 | . . . . . 26 . . . . 11 . . . . 18 . . 21 . 16 . . . . Level 3 18 | . . . . . 12 . . . . 69 . . . . . . . . . 19 . . 49 . Level 4 16 | . . . . . . . . . . 1 . . . . . . . . . 20 . 52 33 52 Level 5 13 | . . . . . . . . . . . . . . . . . . . . 37 41 47 9 . High Security 1 | . . . . . . . . . . . . . . . . . . . . . 58 . 7 . Max Security . | . . . . . . . . . . . . . . . . . . . . . . . . . Peak Influence 3908 | 5 55 . 33 . 760 . . . . 1198 . . . . 461 . . 449 341 3908 2464 1850 1782 1428 Initial 2195 | . . . 33 . . . . . . 374 . . . . 98 . . . 244 186 2195 1386 1104 1140 Average 914 | . 6 . 3 . 284 . . . . 775 . . . . 224 . . 177 244 1663 2317 1525 1246 1063 Influence Increases 15426 | 10 207 90 5 . 1361 170 300 . 976 1577 70 465 5 614 1066 120 . 547 366 4544 329 786 1194 624 Destroy 0b10 Robot/C 9380 | . 80 60 . . 860 160 180 . 720 740 60 340 . 480 580 100 . 280 140 2820 160 500 760 360 Destroy 0b10 Robot/NC 455 | 10 10 . . . 65 . . . 10 50 . . 5 20 30 10 . 20 25 130 . 30 20 20 Destroy Leader 1304 | . 22 . . . 204 10 30 . 40 156 10 50 . 30 100 10 . 30 14 320 30 66 142 40 Allied During Kill 530 | . . . . . . . 90 . 206 75 . . . 54 50 . . . . . . 55 . . Trap Triggered on 0b10 10 | . . . . . 10 . . . . . . . . . . . . . . . . . . . Successful Hack 391 | . 19 . 5 . 59 . . . . 76 . . . . 26 . . 14 96 12 . . 48 36 Disable Machine 705 | . 30 . . . 105 . . . . 30 . . . . 105 . . 45 60 210 15 45 60 . Anti-Garrison Action 400 | . . . . . . . . . . 200 . . . . . . . . . 200 . . . . Destroy Structure 1506 | . 1 . . . 28 . . . . 70 . . . . 160 . . 158 16 762 24 60 104 123 Advance Influence 150 | . . . . . . . . . . 150 . . . . . . . . . . . . . . Partial Spotted 75 | . . . . . . . . . . . . . . . . . . . 15 30 . . 30 . Lose Combat Pursuer 420 | . 45 30 . . 30 . . . . 30 . 75 . 30 15 . . . . 60 . 30 30 45 Active Sensor Use 100 | . . . . . . . . . . . . . . . . . . . . . 100 . . . Influence Decreases 14050 | 10 207 20 75 . 754 578 499 . 619 739 963 591 181 457 769 574 . 112 469 973 1768 1408 1254 1030 Entered New Map 5843 | . . . 37 . . 226 38 . . 133 443 59 176 . 59 169 . . 191 146 1708 1078 738 642 Time Decay 7252 | 10 207 20 38 . 524 342 441 . 539 556 510 502 5 342 430 395 . 102 278 767 60 310 506 368 Lost Part 310 | . . . . . 80 10 . . . 30 10 30 . 10 30 10 . 10 . 60 . . 10 20 Lost Ally 345 | . . . . . . . 20 . 80 20 . . . 105 100 . . . . . . 20 . . Purge Threat 300 | . . . . . 150 . . . . . . . . . 150 . . . . . . . . . Squads Dispatched 115 | . . . . . 17 . . . 1 17 . . . 1 8 . . 1 5 32 6 8 15 4 Investigation 30 | . . . . . 9 . . . 1 8 . . . 1 6 . . . . 2 1 . 2 . Extermination 25 | . . . . . 4 . . . . 2 . . . . 2 . . . 2 7 . 2 4 2 Reinforcement 24 | . . . . . 3 . . . . 5 . . . . . . . 1 3 2 1 4 4 1 Assault 35 | . . . . . . . . . . 2 . . . . . . . . . 21 4 2 5 1 Garrison 1 | . . . . . 1 . . . . . . . . . . . . . . . . . . . Intercept . | . . . . . . . . . . . . . . . . . . . . . . . . . Searches Triggered . | . . . . . . . . . . . . . . . . . . . . . . . . . Unchained Authorized 1 | . . . . . . . . . . . . . . . . . . . . . . . 1 . Construction Impeded 2 | . . . . . . . . . . . . . . . . . . . . 2 . . . . Haulers Reinforced 4 | . . . . . . . . . . . . . . . . . . 1 2 . . 1 . . Active Scanning Responses 1 | . . . . . . . . . . . . . . . . . . . . . 1 . . . Cargo Convoy Interrupts 1 | . . . . . . . . . . 1 . . . . . . . . . . . . . . Stealth | -11 -10 -10 -9 -9 -6 -6 -6 -6 -5 -5 -5 -5 -5 -4 -4 -4 -4 -3 -3 -3 -2 -2 -1 -1 --------- Run | Yrd Mat Sub Rec Scr Fac Low Low Zio Pro Fac Upp Upp Zhi Pro Fac Upp Upp Res Qua Frg Res Tes Acc Com Distress Signals 26 | . 2 . . . . . . . 1 1 . . . . . . . . . 1 2 1 1 17 Communications Jammed 46 | . . . . . . . . . . . . . . 21 20 . . 5 . . . . . . Distress Signals 38 | . . . . . . . . . . . . . . 21 12 . . 5 . . . . . . Times Spotted 644 | . 22 25 . . 53 8 9 . 41 45 3 20 . 25 36 12 . 14 11 169 15 24 46 66 Peak Tracking Total 16 | . 5 4 . . 5 3 3 . 7 5 1 7 . 4 4 2 . 5 3 16 7 6 8 9 Tactical Retreats 24 | . 3 1 . . 2 . . . . 2 . 4 . 2 1 . . . . 3 . 2 2 2 Traps | -11 -10 -10 -9 -9 -6 -6 -6 -6 -5 -5 -5 -5 -5 -4 -4 -4 -4 -3 -3 -3 -2 -2 -1 -1 ------- Run | Yrd Mat Sub Rec Scr Fac Low Low Zio Pro Fac Upp Upp Zhi Pro Fac Upp Upp Res Qua Frg Res Tes Acc Com Traps Triggered 12 | . 1 1 . . 3 . . . . 2 . . . . 2 1 . . . . 1 . 1 . Indirectly . | . . . . . . . . . . . . . . . . . . . . . . . . . Trap Hack Attempts . | . . . . . . . . . . . . . . . . . . . . . . . . . Triggered . | . . . . . . . . . . . . . . . . . . . . . . . . . Disarmed 4 | . . . . . . . . . . . . . . . 4 . . . . . . . . . Reprogrammed . | . . . . . . . . . . . . . . . . . . . . . . . . . Reused 4 | . . 1 . . 1 . . . . . . . . 2 . . . . . . . . . . Traps Extracted . | . . . . . . . . . . . . . . . . . . . . . . . . . Installed 6 | . . 1 . . 1 . . . . . . . . 4 . . . . . . . . . . Triggered 3 | . . . . . 1 . . . . . . . . 2 . . . . . . . . . . Most Traps Carried 2 | . . 1 . 1 1 . . . . . . . . 2 . . . . . . . . . . Machines | -11 -10 -10 -9 -9 -6 -6 -6 -6 -5 -5 -5 -5 -5 -4 -4 -4 -4 -3 -3 -3 -2 -2 -1 -1 ---------- Run | Yrd Mat Sub Rec Scr Fac Low Low Zio Pro Fac Upp Upp Zhi Pro Fac Upp Upp Res Qua Frg Res Tes Acc Com Machines Disabled 64 | . 2 1 . . 7 . 1 . . 2 1 . . 1 7 . . 4 4 25 1 4 4 . Max in Single Turn 5 | . 1 1 . . 5 . 1 . . 1 1 . . 1 3 . . 1 1 2 1 1 1 . Garrison Access 4 | . . . . . 1 . . . . 2 . . . . . . . . . 1 . . . . Machines Repaired . | . . . . . . . . . . . . . . . . . . . . . . . . . Machines Dismantled . | . . . . . . . . . . . . . . . . . . . . . . . . . Machines Sabotaged . | . . . . . . . . . . . . . . . . . . . . . . . . . Overloaded Fab Kills . | . . . . . . . . . . . . . . . . . . . . . . . . . Hacking | -11 -10 -10 -9 -9 -6 -6 -6 -6 -5 -5 -5 -5 -5 -4 -4 -4 -4 -3 -3 -3 -2 -2 -1 -1 --------- Run | Yrd Mat Sub Rec Scr Fac Low Low Zio Pro Fac Upp Upp Zhi Pro Fac Upp Upp Res Qua Frg Res Tes Acc Com Machines Accessed 103 | . 6 3 1 1 19 . 4 . 3 12 2 1 4 3 10 2 1 3 12 6 . 2 6 2 Terminals 40 | . 5 . 1 . 6 . . . 1 3 1 . . 1 2 1 1 1 7 4 . 1 3 2 Fabricators 7 | . . . . . 1 . . . . 2 . . . 1 1 . . . . . . . 2 . Repair Stations 9 | . 1 . . . 3 . . . 1 1 . . . . . . . . 2 1 . . . . Recycling Units 19 | . . . . . 7 . . . 1 4 . . . 1 5 . . 1 . . . . . . Scanalyzers 7 | . . . . . 1 . . . . . . . . . 1 . . 1 3 . . 1 . . Garrison Access 6 | . . . . . 1 . . . . 2 . . . . 1 . . . . 1 . . 1 . Total Hacks 231 | . 19 4 1 1 44 . 10 . 4 30 4 1 17 8 20 5 2 6 24 12 . 3 12 4 Successful 136 | . 8 4 1 1 27 . 10 . 3 20 4 1 17 3 12 5 2 1 7 4 . . 3 3 Failed 94 | . 10 . . . 17 . . . 1 10 . . . 5 8 . . 5 17 8 . 3 9 1 Catastrophic 21 | . 1 . . . 3 . . . . 2 . . . . 4 . . 2 6 1 . 1 1 . Database Lockouts 1 | . 1 . . . . . . . . . . . . . . . . . . . . . . . Manual 69 | . 10 . . . 14 . . . 1 9 . . . 4 8 . . 5 5 9 . 1 2 1 Terminals 94 | . 17 . 1 . 16 . . . 1 6 3 . . 2 6 2 2 3 13 9 . 2 7 4 Fabricators 15 | . . . . . 2 . . . . 8 . . . 2 1 . . . . . . . 2 . Repair Stations 20 | . 2 . . . 9 . . . 1 3 . . . . . . . . 4 1 . . . . Recycling Units 36 | . . . . . 13 . . . 2 9 . . . 4 6 . . 2 . . . . . . Scanalyzers 16 | . . . . . 2 . . . . . . . . . 5 . . 1 7 . . 1 . . Garrison Access 13 | . . . . . 2 . . . . 4 . . . . 2 . . . . 2 . . 3 . Terminal Hacks 71 | . 6 4 1 1 6 . 10 . 1 2 4 1 17 1 2 5 2 . 2 1 . . 3 2 Record 24 | . . 1 . . . . 7 . . . 3 . 5 . . 5 2 . . . . . 1 . Part Schematic 5 | . . . . . 1 . . . . . . . 4 . . . . . . . . . . . Robot Analysis 6 | . 2 . . . . . . . . . . . 4 . . . . . . . . . . . Prototype ID Bank 7 | . 2 . 1 . . . . . . . . . 4 . . . . . . . . . . . Open Door 9 | . . 1 . . . . 3 . 1 . 1 1 . 1 . . . . . . . . . 1 Branch Access Points 1 | . . . . . 1 . . . . . . . . . . . . . . . . . . . Fabricator Index 1 | . . . . . 1 . . . . . . . . . . . . . . . . . . . Recycling Unit Index 1 | . . . . . . . . . . 1 . . . . . . . . . . . . . . Unreport Threat 2 | . . . . . 1 . . . . . . . . . 1 . . . . . . . . . Locate Traps 6 | . 1 . . . 1 . . . . 1 . . . . . . . . 1 . . . 1 1 Disarm Traps 1 | . . . . . . . . . . . . . . . 1 . . . . . . . . . Registered Components 1 | . 1 . . . . . . . . . . . . . . . . . . . . . . . Zone Layout 3 | . . . . . 1 . . . . . . . . . . . . . 1 . . . 1 . Proto ID Catalog 3 | . . 1 . 1 . . . . . . . . . . . . . . . 1 . . . . Release Object 1 | . . 1 . . . . . . . . . . . . . . . . . . . . . . Fabricator Hacks 6 | . . . . . 2 . . . . 4 . . . . . . . . . . . . . . Network Status 1 | . . . . . . . . . . 1 . . . . . . . . . . . . . . Load Schematic 3 | . . . . . 1 . . . . 2 . . . . . . . . . . . . . . Build 2 | . . . . . 1 . . . . 1 . . . . . . . . . . . . . . Repair Station Hacks 13 | . 2 . . . 8 . . . . 2 . . . . . . . . 1 . . . . . Scan Component 7 | . 1 . . . 4 . . . . 1 . . . . . . . . 1 . . . . . Repair 6 | . 1 . . . 4 . . . . 1 . . . . . . . . . . . . . . Recycling Unit Hacks 7 | . . . . . 2 . . . 1 4 . . . . . . . . . . . . . . Retrieve Components 7 | . . . . . 2 . . . 1 4 . . . . . . . . . . . . . . Scanalyzer 9 | . . . . . 1 . . . . . . . . . 5 . . . 3 . . . . . Insert Component 1 | . . . . . . . . . . . . . . . 1 . . . . . . . . . Analyze 3 | . . . . . . . . . . . . . . . 3 . . . . . . . . . Retrieve Study 5 | . . . . . 1 . . . . . . . . . 1 . . . 3 . . . . . Garrison Access Hacks 2 | . . . . . 1 . . . . 1 . . . . . . . . . . . . . . Seal Access 2 | . . . . . 1 . . . . 1 . . . . . . . . . . . . . . Unauthorized Hacks 28 | . . . . . 7 . . . 1 7 . . . 2 5 . . 1 1 3 . . . 1 Terminals 9 | . . . . . 1 . . . . 2 . . . . 1 . . 1 1 2 . . . 1 Assimilate 2 | . . . . . . . . . . 1 . . . . . . . . . 1 . . . . Botnet 7 | . . . . . 1 . . . . 1 . . . . 1 . . 1 1 1 . . . 1 Fabricators . | . . . . . . . . . . . . . . . . . . . . . . . . . Repair Stations . | . . . . . . . . . . . . . . . . . . . . . . . . . Recycling Units 17 | . . . . . 6 . . . 1 4 . . . 2 4 . . . . . . . . . Reject 1 | . . . . . . . . . . . . . . 1 . . . . . . . . . . Fedlink 15 | . . . . . 6 . . . 1 3 . . . 1 4 . . . . . . . . . Scraphulk 1 | . . . . . . . . . . 1 . . . . . . . . . . . . . . Scanalyzers . | . . . . . . . . . . . . . . . . . . . . . . . . . Garrison Access 2 | . . . . . . . . . . 1 . . . . . . . . . 1 . . . . Jam 2 | . . . . . . . . . . 1 . . . . . . . . . 1 . . . . Data Cores Recovered 2 | . . . . . . . . . . 1 . . . . 1 . . . . . . . . . Used 1 | . . . . . . . . . . . . . . . 1 . . . . . . . . . Hacking Detections 64 | . 5 . . . 12 . . . 1 8 1 . . 2 6 . . 3 12 4 . 2 6 2 Full Trace Events 10 | . . . . . 2 . . . . 2 1 . . . 2 . . . . 1 . . 2 . Feedback Events . | . . . . . . . . . . . . . . . . . . . . . . . . . Feedback Blocked . | . . . . . . . . . . . . . . . . . . . . . . . . . Robot Schematics Acquired 5 | . . . . . . . . 3 . . . . . . . . . . . 2 . . . . Robots Built . | . . . . . . . . . . . . . . . . . . . . . . . . . Authchips . | . . . . . . . . . . . . . . . . . . . . . . . . . Time . | . . . . . . . . . . . . . . . . . . . . . . . . . Total Robot Build Rating . | . . . . . . . . . . . . . . . . . . . . . . . . . Part Schematics Acquired 74 | . . . . 6 22 3 3 16 2 4 1 . 4 . . . . . 3 9 . 1 . . Parts Built 3 | . . . . . 1 . . . . 2 . . . . . . . . . . . . . . Authchips . | . . . . . . . . . . . . . . . . . . . . . . . . . Time 142 | . . . . . 84 . . . . 58 . . . . . . . . . . . . . . Total Part Build Rating 18 | . . . . . 4 . . . . 14 . . . . . . . . . . . . . . Part Studies Acquired 5 | . . . . . 1 . . . . . . . . . 1 . . . 3 . . . . . Parts Repaired 6 | . 1 . . . 4 . . . . 1 . . . . . . . . . . . . . . Time 281 | . 26 . . . 166 . . . . 89 . . . . . . . . . . . . . . Parts Recycled . | . . . . . . . . . . . . . . . . . . . . . . . . . Recycled Matter . | . . . . . . . . . . . . . . . . . . . . . . . . . Retrieved Matter . | . . . . . . . . . . . . . . . . . . . . . . . . . Retrieved Components 50 | . . . . . 20 . . . 2 28 . . . . . . . . . . . . . . Parts Scanalyzed 1 | . . . . . . . . . . . . . . . 1 . . . . . . . . . Part Schematics Acquired . | . . . . . . . . . . . . . . . . . . . . . . . . . Parts Damaged . | . . . . . . . . . . . . . . . . . . . . . . . . . Bothacking | -11 -10 -10 -9 -9 -6 -6 -6 -6 -5 -5 -5 -5 -5 -4 -4 -4 -4 -3 -3 -3 -2 -2 -1 -1 ------------ Run | Yrd Mat Sub Rec Scr Fac Low Low Zio Pro Fac Upp Upp Zhi Pro Fac Upp Upp Res Qua Frg Res Tes Acc Com Used RIF Installer . | . . . . . . . . . . . . . . . . . . . . . . . . . Robots Hacked 7 | . . . . 1 1 . . 1 1 . . . 3 . . . . . . . . . . . Non-combat 1 | . . . . . 1 . . . . . . . . . . . . . . . . . . . Combat 6 | . . . . 1 . . . 1 1 . . . 3 . . . . . . . . . . . Robot Hacks Applied 7 | . . . . 1 1 . . 1 1 . . . 3 . . . . . . . . . . . parse_system 6 | . . . . 1 . . . 1 1 . . . 3 . . . . . . . . . . . find_recycling 1 | . . . . . 1 . . . . . . . . . . . . . . . . . . . Relay Couplers Released . | . . . . . . . . . . . . . . . . . . . . . . . . . Fabnet Peak Effective % . | . . . . . . . . . . . . . . . . . . . . . . . . . Robots Rewired 15 | . . . . . . . . . 3 . . . . 11 . . . . . . . 1 . . Allies Hacked 1 | . . . . . . . . . 1 . . . . . . . . . . . . . . . Hacks Repelled . | . . . . . . . . . . . . . . . . . . . . . . . . . Allies | -11 -10 -10 -9 -9 -6 -6 -6 -6 -5 -5 -5 -5 -5 -4 -4 -4 -4 -3 -3 -3 -2 -2 -1 -1 -------- Run | Yrd Mat Sub Rec Scr Fac Low Low Zio Pro Fac Upp Upp Zhi Pro Fac Upp Upp Res Qua Frg Res Tes Acc Com Total Allies 23 | . . . . . . . 5 . 5 1 . . . 11 . . . . . . . 1 . . Largest Group 7 | . . . . . . . 5 4 7 1 . . . 5 5 . . . . . . 1 . . Highest-Rated Group 369 | . . . . . . . 244 188 369 123 . . . 249 249 . . . . . . 151 . . Highest-Rated Ally 151 | . . . . . . . 50 47 99 123 . . . 56 56 . . . . . . 151 . . Initial UFD Resources 93 | . . . . . 24 46 46 46 50 60 63 63 63 65 75 85 85 87 87 87 89 89 93 93 Total Orders 9 | . . . . . . . . . . . . . . 9 . . . . . . . . . . STAY 7 | . . . . . . . . . . . . . . 7 . . . . . . . . . . FOLLOW 2 | . . . . . . . . . . . . . . 2 . . . . . . . . . . Ally Attacks 349 | . . . . . . . 29 . 123 45 . . . 84 33 . . . . . . 26 . 9 Total Damage 13184 | . . . . . . . 547 . 4866 2518 . . . 1910 1342 . . . . . . 1493 . 508 Kills 81 | . . . . . . . 6 . 30 20 . . . 8 6 . . . . . . 10 . 1 Allies Corrupted 1 | . . . . . . . . . 1 . . . . . . . . . . . . . . . Allies Melted 7 | . . . . . . . . . . . . . . . . . . . . . . . . 7 Intel | -11 -10 -10 -9 -9 -6 -6 -6 -6 -5 -5 -5 -5 -5 -4 -4 -4 -4 -3 -3 -3 -2 -2 -1 -1 ------- Run | Yrd Mat Sub Rec Scr Fac Low Low Zio Pro Fac Upp Upp Zhi Pro Fac Upp Upp Res Qua Frg Res Tes Acc Com Active Infowar (turns) 23615 | . . 6933 . . 602 654 1294 . 1058 275 1282 872 152 1417 1194 1083 768 238 300 2227 310 688 1489 779 Optics 128 | . . 128 . . . . . . . . . . . . . . . . . . . . . . Sensors 12005 | . . 1917 . . 434 654 1294 . 1058 275 1221 872 88 391 324 800 767 148 268 1494 . . . . A.S.S. 317 | . . . . . . . . . . . . . . . . . . . . . 310 7 . . Structural 737 | . . . . . 1 . . . . . 21 . . . . . . . 292 423 . . . . Traps 1603 | . . . . . . . . . . . . . . . . . . . 40 1563 . . . . Seismic 5055 | . . 4888 . . 167 . . . . . . . . . . . . . . . . . . . Cloaking 2949 | . . . . . . . . . . . . . . . . . . . . . . 681 1489 779 Jamming 4266 | . . . . . . . . . . . 40 . 64 1026 1192 941 765 238 . . . . . . ECM 5 | . . . . . . . . . . . . 2 . . . . . . . 3 . . . . Robot Analysis Total 6 | . 2 . . . . . . . . . . . 4 . . . . . . . . . . . Derelict Logs Recovered 19 | . . 1 . 5 . 3 2 . 1 . 1 . . 1 . 2 3 . . . . . . . Drone Launches 6 | . . . . . . . . . . . . . . . . . . . . . . . . 6 Drone Recoveries . | . . . . . . . . . . . . . . . . . . . . . . . . . Exploration | -11 -10 -10 -9 -9 -6 -6 -6 -6 -5 -5 -5 -5 -5 -4 -4 -4 -4 -3 -3 -3 -2 -2 -1 -1 ------------- Run | Yrd Mat Sub Rec Scr Fac Low Low Zio Pro Fac Upp Upp Zhi Pro Fac Upp Upp Res Qua Frg Res Tes Acc Com Turns Passed 42208 | 104 1230 8257 513 4535 2188 764 2653 1072 2162 1622 1381 1345 223 1766 1194 1083 768 310 610 4325 312 690 1496 1605 Spaces Moved 24710 | 49 635 2904 193 1764 1377 638 2175 994 1509 938 953 916 158 1078 643 806 635 222 903 3139 132 401 827 721 Core 2 | 2 . . . . . . . . . . . . . . . . . . . . . . . . Treads 5429 | 47 635 2850 193 1704 . . . . . . . . . . . . . . . . . . . . Legs 10425 | . . . . . . . . . . 878 953 916 158 1078 643 806 635 222 196 1859 132 401 827 721 Wheels 6867 | . . 54 . 60 1377 638 2175 994 1509 60 . . . . . . . . . . . . . . Hover . | . . . . . . . . . . . . . . . . . . . . . . . . . Flight 1987 | . . . . . . . . . . . . . . . . . . . 707 1280 . . . . Fastest Speed 6 | 50 160 130 160 120 92 95 105 93 105 105 120 120 120 120 107 105 107 107 6 6 140 140 140 101 Average Speed 137 | 155 161 256 259 255 102 104 107 104 105 119 120 120 120 120 109 106 107 107 39 92 140 140 140 126 Slowest Speed 360 | 160 240 360 260 260 150 110 108 108 105 130 120 120 120 120 120 108 107 107 107 140 140 140 140 140 Overloaded Moves 30 | . . . . . . . . . . . . . . . . . . . 9 21 . . . . Propulsion Burnouts . | . . . . . . . . . . . . . . . . . . . . . . . . . Robots Hopped 7 | . . . . . . . . . . . . . . . . . . . 2 5 . . . . Potential Cave-ins 64 | . . 1 . . . . . . . . . 16 . . . . . 3 . 36 5 . 3 . Cave-ins Triggered 3 | . . . . . . . . . . . . 1 . . . . . . . 2 . . . . Teleports 1 | . . . . . . . . . . . . . . . . . . . . 1 . . . . Exploration Rate (%) 57 | 4 86 97 20 87 35 86 97 86 92 20 92 92 60 65 18 91 83 7 79 35 7 59 28 21 Regions Visited 24 Branch Regions 17 Pre-discovered Areas 13 | . . . . 1 1 2 1 4 . . . . 3 . . . 1 . . . . . . . Known Exits Taken 17 | . . . . . 1 1 1 1 1 1 1 1 1 1 1 1 1 1 1 1 1 . . . Unknown Exits Taken 7 | 1 1 1 1 1 . . . . . . . . . . . . . . . . . 1 1 . Scrap Searched 33 | . . 9 . 3 . 2 2 3 3 . 2 2 . 2 . 3 2 . . . . . . . Spaces Dug 205 | . . 23 . . 6 2 5 . 1 6 2 8 . . 17 6 . 15 8 23 9 9 22 43 Terrain Destroyed 1036 | . . 99 . . 30 39 23 . 153 38 6 66 . 43 91 74 1 79 8 145 13 15 33 80 Melee 94 | . . 22 . . 6 2 5 . 1 2 . . . . 3 3 . 4 6 6 7 3 14 10 Projectile 269 | . . 4 . . 4 . . . . 6 6 18 . . 33 4 1 . . 107 6 8 19 53 AOE 607 | . . 73 . . 20 37 18 . 152 30 . 48 . 43 55 67 . 64 . . . . . . Terrain Rammed . | . . . . . . . . . . . . . . . . . . . . . . . . . Walls Destroyed . | . . . . . . . . . . . . . . . . . . . . . . . . . Machines Disabled . | . . . . . . . . . . . . . . . . . . . . . . . . . Actions | -11 -10 -10 -9 -9 -6 -6 -6 -6 -5 -5 -5 -5 -5 -4 -4 -4 -4 -3 -3 -3 -2 -2 -1 -1 --------- Run | Yrd Mat Sub Rec Scr Fac Low Low Zio Pro Fac Upp Upp Zhi Pro Fac Upp Upp Res Qua Frg Res Tes Acc Com Total 30981 | 67 767 3511 207 1793 1905 696 2458 1025 2036 1310 1161 1095 191 1466 1011 970 714 266 1060 4187 237 500 1096 1252 Wait 3158 | 1 54 330 4 . 248 17 214 16 432 231 165 95 . 276 184 71 66 8 26 370 58 24 88 180 Move 24671 | 49 634 2903 192 1763 1376 637 2174 993 1508 937 952 914 157 1077 642 805 634 221 898 3126 132 400 826 721 Hop 7 | . . . . . . . . . . . . . . . . . . . 2 5 . . . . Pick Up 251 | 7 8 45 8 14 25 2 15 2 7 10 4 5 6 12 4 3 . 1 3 46 . 4 1 19 Fast Attach 185 | 6 1 7 1 1 20 3 3 3 . 16 2 7 4 4 11 16 2 2 14 40 . . 7 15 Attach 130 | . 2 8 . . 12 . 2 . 2 5 1 4 4 2 6 1 . . 5 18 5 8 25 20 Detach 122 | . . 3 . . 3 1 . . . 4 . 3 4 . 5 2 . 2 9 29 3 7 29 18 Swap 367 | . 9 36 . 9 43 14 9 3 20 19 15 17 3 15 12 20 2 10 12 77 2 2 1 17 Drop 297 | . 6 32 2 5 34 3 18 6 4 14 4 7 9 15 8 16 2 2 22 65 . . 3 20 Fire 1238 | 3 45 84 . . 118 14 4 . 22 68 11 41 . 39 122 30 8 16 27 356 3 16 23 188 Melee 447 | . . 62 . 1 11 5 18 2 6 2 7 1 4 19 7 5 . 4 39 49 33 25 93 54 Ram . | . . . . . . . . . . . . . . . . . . . . . . . . . Kick 21 | . . . . . . . . . . 4 . . . . 10 . . . 3 3 1 . . . Crush 9 | 1 8 . . . . . . . . . . . . . . . . . . . . . . . Escape Stasis 19 | . . . . . 14 . . . . . . 1 . . . . . . . 2 . 2 . . Rewire 52 | . . . . . . . 1 . 35 . . . . 3 . . . . . 1 . 12 . . Trap 6 | . . 1 . . 1 . . . . . . . . 4 . . . . . . . . . . Miscellaneous 1 | . . . . . . . . . . . . . . . . 1 . . . . . . . . Route ------- -11/Scrapyard -10/Materials (discovered 4 exits: [*Mat x2] / [*Min] / *Sub) -10/Subcaves (discovered 3 exits: [*Mat x2] / *Rec) -9/Recycling -9/Scraptown (discovered 2 exits: *Fac x2) -6/Factory (discovered 6 exits: *Fac x2 / *Low x2 / *Ext x2) -6/Lower Caves -6/Lower Caves (discovered 2 exits: *Fac / *Zio) -6/Zion -5/Proximity Caves -5/Factory (discovered 5 exits: *Fac x4 / *Upp) -5/Upper Caves -5/Upper Caves (discovered 2 exits: *Fac / *Zhi) -5/Zhirov -4/Proximity Caves -4/Factory (discovered 2 exits: *Res / *Upp) -4/Upper Caves -4/Upper Caves (discovered 2 exits: *Res / War) -3/Research (discovered 4 exits: Res x2 / *Qua x2) -3/Quarantine (discovered 2 exits: [*Sec] / *Frg) -3/Protoforge -2/Research -2/Testing -1/Access -1/Command (discovered 2 exits: Sur x2) By MAIN.C's Side History --------- Turn | Location | Event 84 | -11/Scrapyard | Discovered new exit (range 13) 105 | -11/Scrapyard | Entered Materials 106 | -10/Materials | Met a group of wandering Federalists 195 | -10/Materials | Lost 5 allies 212 | -10/Materials | Discovered new exit (range 7) 299 | -10/Materials | Discovered new exit (range 13) 310 | -10/Materials | Build established: Mutant 389 | -10/Materials | Discovered new exit (range 14) 614 | -10/Materials | Discovered new exit (range 16) 716 | -10/Materials | Central database locked down 927 | -10/Materials | Repaired Lgt. Treads 1335 | -10/Materials | Entered Subcaves 1336 | -10/Subcaves | Continued accompanying wandering Federalists (1) 2014 | -10/Subcaves | Shifting Twisted Machinery released Scrap Shield 2353 | -10/Subcaves | Ambushed by Subdweller buried in earth 2359 | -10/Subcaves | Ambushed by Subdweller buried in earth 2860 | -10/Subcaves | Lost 3 parts (1p1n1w) 3025 | -10/Subcaves | Core integrity fell below 50% 3311 | -10/Subcaves | A swath of the cavern ceiling suddenly collapsed 3580 | -10/Subcaves | A swath of the cavern ceiling suddenly collapsed 3668 | -10/Subcaves | Discovered new exit (range 11) 4040 | -10/Subcaves | Shifting Twisted Machinery released Lgt. Humpback 4078 | -10/Subcaves | Shifting Twisted Machinery released Mak. Leg 4283 | -10/Subcaves | Disturbed a concealed Subdweller 4315 | -10/Subcaves | Disturbed a concealed Subdweller 4764 | -10/Subcaves | Shifting Twisted Machinery released Sub. Monowheel 4768 | -10/Subcaves | Shifting Twisted Machinery released Spk. Treads 4925 | -10/Subcaves | Core integrity fell below 20% 4965 | -10/Subcaves | Visited 4L-MR0's lab 4997 | -10/Subcaves | Found Powered Cannon 5088 | -10/Subcaves | Build established: Derelict-Mutant 5163 | -10/Subcaves | Discovered new exit (range 15) 6846 | -10/Subcaves | Discovered new exit (range 15) 7051 | -10/Subcaves | Shifting Twisted Machinery released Battle Rifle 7244 | -10/Subcaves | Build established: Mutant 9414 | -10/Subcaves | Found SUBCON Basin 9592 | -10/Subcaves | Entered Recycling 9596 | -9/Recycling | Build established: Derelict-Mutant 9689 | -9/Recycling | Scanned before Scraplab entrance 9725 | -9/Recycling | Entered Scraplab 10051 | -9/Recycling | Build established: Mutant 10095 | -9/Recycling | Discovered new exit (range 4) 10105 | -9/Recycling | Entered Scraptown 10251 | -9/Scraptown | Visited Cyclists 10267 | -9/Scraptown | Visited TADAMA 10300 | -9/Scraptown | Visited Symbiants 10363 | -9/Scraptown | Scanned Subdweller tech in exchange for log data 10373 | -9/Scraptown | Learned location of 1 exit from Factory 10376 | -9/Scraptown | Learned Factory terminal intel 10378 | -9/Scraptown | Learned location of Testing (-2) 10407 | -9/Scraptown | Discovered new exit (range 11) 11211 | -9/Scraptown | Visited Assassins FH 11250 | -9/Scraptown | Visited Fellowship of the Rings 11344 | -9/Scraptown | Visited SPCMW 11391 | -9/Scraptown | Visited UFD Registry 11391 | -9/Scraptown | Registered with UFD as "Matterblaster" 11471 | -9/Scraptown | Visited Modified Component R&D 11573 | -9/Scraptown | Visited Scrapoid Research Area 11617 | -9/Scraptown | Visited Junk Repository 11690 | -9/Scraptown | Visited Science Guys 11792 | -9/Scraptown | Visited Scrapoid Pod Storage 11833 | -9/Scraptown | Visited Derelict Rescue Squad 11984 | -9/Scraptown | Delivered Scrap Shield to a Scientist 12049 | -9/Scraptown | Visited Curators Association 12125 | -9/Scraptown | Visited Infowarlord's Domain 12144 | -9/Scraptown | Found Exp. Sensor Array 12197 | -9/Scraptown | Visited Scrap Suit Storage 12330 | -9/Scraptown | Found DRS Beacon 12390 | -9/Scraptown | Found Scrapoid Pod 12503 | -9/Scraptown | Tech Extrapolator generated special schematic: Machine Rigger 12559 | -9/Scraptown | Discovered new exit (range 3) 13591 | -9/Scraptown | Tech Extrapolator generated special schematic: Deep Structural Scanner 14570 | -9/Scraptown | Met Optimus 14570 | -9/Scraptown | Accepted into 0bPrime 14640 | -9/Scraptown | Entered Factory 14640 | -6/Factory | Evolved 8 slots: Propulsion x3, Utility x5 14641 | -6/Factory | Identified exit to Factory 14642 | -6/Factory | Loaded intel: 27 terminal locations 14810 | -6/Factory | Found Prototype Launcher 14810 | -6/Factory | Identified Scatter Rocket Array 14871 | -6/Factory | Repaired Arm. Wheel 14957 | -6/Factory | Discovered new exit (range 6) 14992 | -6/Factory | Identified exit to Lower Caves 15332 | -6/Factory | Loaded intel: 8 recycling unit locations 15336 | -6/Factory | Discovered new exit (range 10) 15377 | -6/Factory | Build established: Scavenger-Mutant 15588 | -6/Factory | Fabricated Deep Structural Scanner? 16079 | -6/Factory | Garrison activated, responded to threat 16114 | -6/Factory | Discovered exit to Factory (range 13) 16239 | -6/Factory | Learned location of Protoforge (-3) 16423 | -6/Factory | Destroyed 7 combat bots 16521 | -6/Factory | Repaired Lyr. Medium Armor Plating 16577 | -6/Factory | Repaired Lrn. Missile Launcher? 16652 | -6/Factory | Identified exit to Extension 16806 | -6/Factory | Repaired Hvy. Flak Cannon+ 16828 | -6/Factory | Entered Lower Caves 16830 | -6/Lower Caves | UFD Scientist delivered a prototype 16833 | -6/Lower Caves | Found Prototype Protection 16833 | -6/Lower Caves | Identified Enh. Scrap Shield 17044 | -6/Lower Caves | Learned location of Zion (-6) 17067 | -6/Lower Caves | Attracted the attention of an 0b10 checkpoint 17079 | -6/Lower Caves | Learned location of 1 exit from Factory 17160 | -6/Lower Caves | Encountered a Warlord checkpoint 17555 | -6/Lower Caves | Discovered new exit (range 9) 17575 | -6/Lower Caves | Identified exit to Lower Caves 17592 | -6/Lower Caves | Entered another Lower Caves area 17594 | -6/Lower Caves | Attracted the attention of an 0b10 checkpoint 17608 | -6/Lower Caves | Learned Factory garrison access intel 17625 | -6/Lower Caves | Found DCF Scrap (12 items) 17708 | -6/Lower Caves | Entered an active Warlord outpost 17716 | -6/Lower Caves | Learned Factory emergency access door positions 17716 | -6/Lower Caves | Learned Factory stockpile data 17716 | -6/Lower Caves | Learned Extension stockpile data 17716 | -6/Lower Caves | Learned Factory terminal intel 17781 | -6/Lower Caves | Murdered 3 allies 17842 | -6/Lower Caves | Destroyed VA-KW5(g) 17868 | -6/Lower Caves | Murdered 4 allies 17878 | -6/Lower Caves | Build established: Mutant 17999 | -6/Lower Caves | Scrapoid Pod released 06L06-D (x5) 18257 | -6/Lower Caves | Encountered a Warlord checkpoint 18321 | -6/Lower Caves | Tech Extrapolator generated special schematic: Heat Bomb Trap 18433 | -6/Lower Caves | Discovered new exit (range 12) 18453 | -6/Lower Caves | Identified exit to Zion 19097 | -6/Lower Caves | Found Prototype Device 19097 | -6/Lower Caves | Identified Heart of Steel 20245 | -6/Lower Caves | Entered Zion 20245 | -6/Zion | Accompanied by 4 allies 20294 | -6/Zion | System corruption cleaned by Quarantine Array 20310 | -6/Zion | Found CR-A16's Pointy Stick 20387 | -6/Zion | Discovered new exit (range 13) 20504 | -6/Zion | Learned location of Warlord (-4) 20627 | -6/Zion | Tech Extrapolator generated special schematic: Energy Deflector 20706 | -6/Zion | Acquired unknown access codes intercepted by a Zionite 20831 | -6/Zion | Turned away by Imprinter 20922 | -6/Zion | Learned location of Quarantine (-3) 20987 | -6/Zion | Learned location of Armory (-4) 21316 | -6/Zion | Identified exit to Proximity Caves 21317 | -6/Zion | Entered Proximity Caves 21317 | -5/Proximity Caves | Accompanied by 4 allies 21319 | -5/Proximity Caves | Greeted by an Infiltrator in a former 0b10 base 21414 | -5/Proximity Caves | Former 0b10 base attacked by MAIN.C 21459 | -5/Proximity Caves | Spotter reported a threat 21596 | -5/Proximity Caves | Heart of Steel transformed into Warbot 21680 | -5/Proximity Caves | P-70 Sage assimilated allied Slayer 6a 21683 | -5/Proximity Caves | P-80 Master assimilated allied 06L05-D 21717 | -5/Proximity Caves | 0b10 base defense nominally successful 21761 | -5/Proximity Caves | Lost 24 allies 22110 | -5/Proximity Caves | Attacked by Warlord forces 22110 | -5/Proximity Caves | Spotted Problem Solver 22119 | -5/Proximity Caves | Allies destroyed Problem Solver 22172 | -5/Proximity Caves | Loaded intel: 1 recycling unit location 23157 | -5/Proximity Caves | Learned location of 1 exit from Factory 23479 | -5/Proximity Caves | Entered Factory 23479 | -5/Factory | Accompanied by 1 ally (Warbot) 23479 | -5/Factory | Evolved 2 slots: Power x1, Propulsion x1 23480 | -5/Factory | Identified exit to Factory 23480 | -5/Factory | Identified exit to Upper Caves 23484 | -5/Factory | Loaded intel: 26 terminal locations 23485 | -5/Factory | Loaded intel: 4 garrison access locations 24378 | -5/Factory | Loaded intel: 8 recycling unit locations 24545 | -5/Factory | Cargo convoy interrupted 24652 | -5/Factory | Fabricated Adv. Transmission Jammer? 24679 | -5/Factory | First assault squad dispatched 24914 | -5/Factory | Repaired Enh. Armored Leg 25063 | -5/Factory | Scraphulk reinforcements arrived? 25101 | -5/Factory | Entered Upper Caves 25236 | -5/Upper Caves | Learned Extension terminal intel 25236 | -5/Upper Caves | Learned Extension stockpile data 25236 | -5/Upper Caves | Learned Factory stockpile data 25902 | -5/Upper Caves | Spotted B-75 Beast 25970 | -5/Upper Caves | Revealed the true nature of CR-A16's Pointy Stick 25973 | -5/Upper Caves | Destroyed B-75 Beast 26274 | -5/Upper Caves | Build established: Scavenger-Mutant 26285 | -5/Upper Caves | Learned Factory terminal intel 26297 | -5/Upper Caves | Discovered new exit (range 8) 26305 | -5/Upper Caves | Identified exit to Upper Caves 26482 | -5/Upper Caves | Entered another Upper Caves area 26636 | -5/Upper Caves | Encountered a Warlord checkpoint 26774 | -5/Upper Caves | Found Prototype Special Weapon 26785 | -5/Upper Caves | Crushed by falling debris 26792 | -5/Upper Caves | Identified Mak. Laser Shovel 26854 | -5/Upper Caves | Discovered exit to Factory (range 5) 27318 | -5/Upper Caves | Attracted the attention of an 0b10 checkpoint 27632 | -5/Upper Caves | Build established: Mutant 27660 | -5/Upper Caves | Spotted B-75 Beast 27679 | -5/Upper Caves | Destroyed B-75 Beast 27736 | -5/Upper Caves | Discovered new exit (range 10) 27748 | -5/Upper Caves | Identified exit to Zhirov 27827 | -5/Upper Caves | Entered Zhirov 27827 | -5/Zhirov | Discovered new exit (range 3) 27831 | -5/Zhirov | Identified exit to Proximity Caves 27850 | -5/Zhirov | Met Zhirov 27892 | -5/Zhirov | Learned location of Command (-1) 27899 | -5/Zhirov | Zhirov requested help retrieving the SGEMP Prototype 27918 | -5/Zhirov | Found Alien Artifact 27918 | -5/Zhirov | Identified Integrated Reactor 27918 | -5/Zhirov | Installed Integrated Reactor, increased core energy generation (+10) 27999 | -5/Zhirov | Found Alien Artifact 28050 | -5/Zhirov | Entered Proximity Caves 28587 | -4/Proximity Caves | Spotted B-86 Titan 28997 | -4/Proximity Caves | Snuck into a huge 0b10 base via the rear entrance 29429 | -4/Proximity Caves | Discovered exit to Factory (range 8) 29442 | -4/Proximity Caves | Lost 5 allies 29587 | -4/Proximity Caves | Loaded intel: 1 recycling unit location 29704 | -4/Proximity Caves | Attached Powered Cannon, gained temporary slot: Power 29775 | -4/Proximity Caves | System corruption reached 10% 29816 | -4/Proximity Caves | Entered Factory 29816 | -4/Factory | Accompanied by 5 allies 29816 | -4/Factory | Evolved 2 slots: Utility x2 29818 | -4/Factory | Loaded intel: 26 terminal locations 29968 | -4/Factory | Loaded intel: 8 recycling unit locations 30086 | -4/Factory | Build established: Scavenger-Mutant 30214 | -4/Factory | Lost 5 allies 30335 | -4/Factory | Discovered new exit (range 10) 30389 | -4/Factory | Identified exit to Upper Caves 30776 | -4/Factory | Lost 3 parts (2u1w) 30783 | -4/Factory | Discovered new exit (range 9) 31010 | -4/Factory | Entered Upper Caves 31044 | -4/Upper Caves | Activated DRS Beacon 31061 | -4/Upper Caves | Encountered a Warlord checkpoint 31092 | -4/Upper Caves | Attracted the attention of an 0b10 checkpoint 31173 | -4/Upper Caves | Identified exit to Upper Caves 31705 | -4/Upper Caves | Learned 8 Research zone layouts 31705 | -4/Upper Caves | Learned Factory garrison access intel 31706 | -4/Upper Caves | Learned Research terminal intel 31976 | -4/Upper Caves | Attacked by a delusional Derelict stockpiling parts 32093 | -4/Upper Caves | Entered another Upper Caves area 32099 | -4/Upper Caves | Discovered new exit (range 9) 32227 | -4/Upper Caves | Learned Research interactive machine intel 32236 | -4/Upper Caves | Identified exit to Warlord 32860 | -4/Upper Caves | Identified exit to Research 32861 | -4/Upper Caves | Entered Research 32861 | -3/Research | Evolved 2 slots: Propulsion x2 32862 | -3/Research | Identified exit to Quarantine 32863 | -3/Research | Identified exit to Research 32864 | -3/Research | Loaded intel: 48 interactive machine locations 32865 | -3/Research | Loaded intel: 25 terminal locations 33062 | -3/Research | Destroyed 9 combat bots 33167 | -3/Research | Spotted B-90 Cyclops 33171 | -3/Research | Entered Quarantine 33587 | -3/Quarantine | Scanned by Researcher 33636 | -3/Quarantine | Found Alien Reactor 33676 | -3/Quarantine | Found Alien Slashing Weapon 33676 | -3/Quarantine | Identified Sigix Broadsword 33753 | -3/Quarantine | Spotted Fortress 33779 | -3/Quarantine | Discovered new exit (range 6) 33779 | -3/Quarantine | Discovered new exit (range 6) 33780 | -3/Quarantine | Identified exit to Protoforge 33781 | -3/Quarantine | Entered Protoforge 33829 | -3/Protoforge | Discovered exit to Research (range 8) 33893 | -3/Protoforge | Spotted B-86 Titan 33893 | -3/Protoforge | Destroyed B-86 Titan 33895 | -3/Protoforge | Superfortress began startup sequence 33961 | -3/Protoforge | Found Prototype Energy Gun 33962 | -3/Protoforge | Identified Matter Drive 33971 | -3/Protoforge | Additional patrols dispatched to research labs 33984 | -3/Protoforge | Spotted Immortal 33984 | -3/Protoforge | Spotted Immortal 33984 | -3/Protoforge | Crushed by falling debris 34015 | -3/Protoforge | Spotted Decapitator 34018 | -3/Protoforge | Spotted Decapitator 34019 | -3/Protoforge | Destroyed Decapitator 34021 | -3/Protoforge | Destroyed Decapitator 34058 | -3/Protoforge | Spotted Immortal 34088 | -3/Protoforge | Build established: Scavenger-Scout 34095 | -3/Protoforge | Identified Cep. Variable Chargecaster 34107 | -3/Protoforge | Found Cep. Weapon Articulator 34160 | -3/Protoforge | Destroyed Immortal 34171 | -3/Protoforge | Destroyed Immortal 34202 | -3/Protoforge | Found Prototype Protection 34202 | -3/Protoforge | Identified Cep. Core Shell 34208 | -3/Protoforge | Found Prototype Device 34208 | -3/Protoforge | Identified Crosscalibrator 34217 | -3/Protoforge | Spotted Decapitator 34217 | -3/Protoforge | Spotted Decapitator 34217 | -3/Protoforge | Spotted Decapitator 34229 | -3/Protoforge | Destroyed Immortal 34232 | -3/Protoforge | Found Cep. Core Shell 34315 | -3/Protoforge | Destroyed 8 combat bots 34435 | -3/Protoforge | Spotted Decapitator 34531 | -3/Protoforge | First assault squad dispatched 34538 | -3/Protoforge | Identified Transdimensional Reconstructor 34538 | -3/Protoforge | Forge Plexus network access discovered 34566 | -3/Protoforge | Found Cep. Miniperforator 34570 | -3/Protoforge | Found Faulty Cep. Miniperforator 34573 | -3/Protoforge | Found Cep. Plasma Driver 34576 | -3/Protoforge | Found Faulty Cep. Plasma Driver 34847 | -3/Protoforge | Spotted Decapitator 34931 | -3/Protoforge | Spotted V228-j 34931 | -3/Protoforge | Spotted V433-o 34943 | -3/Protoforge | Spotted Immortal 34956 | -3/Protoforge | Spotted Immortal 34959 | -3/Protoforge | Destroyed V228-j 35015 | -3/Protoforge | Spotted V916-l 35018 | -3/Protoforge | Destroyed V433-o 35021 | -3/Protoforge | Destroyed V916-l 35047 | -3/Protoforge | Found Prototype Device 35047 | -3/Protoforge | Identified Exp. Weapon Cycler 35050 | -3/Protoforge | Found Prototype Protection 35050 | -3/Protoforge | Identified Med. Regenerative Plating 35072 | -3/Protoforge | Destroyed Immortal 35098 | -3/Protoforge | Destroyed Immortal 35127 | -3/Protoforge | Spotted V281-x 35146 | -3/Protoforge | Destroyed V281-x 35165 | -3/Protoforge | Found Cep. RG22 Armor 35184 | -3/Protoforge | Found Cep. Reaction Jets 35189 | -3/Protoforge | Found Faulty Cep. Reaction Jets 35193 | -3/Protoforge | Found Cep. RG22 Armor 35250 | -3/Protoforge | Build established: Scavenger-Mutant 35342 | -3/Protoforge | Found Cep. Antigrav Storage Unit 35347 | -3/Protoforge | Found Cep. NT7 Matterbank 35353 | -3/Protoforge | Found Faulty Cep. Matter Streamer 35380 | -3/Protoforge | Found Cep. Matter Streamer 35383 | -3/Protoforge | Found Cep. Chromion Battery 35387 | -3/Protoforge | Found Cep. Chromion Battery 35500 | -3/Protoforge | Found Cep. Energy Mantle 35502 | -3/Protoforge | Found Exp. Weapon Cycler 35508 | -3/Protoforge | Found Exp. EM Disruption Field 35512 | -3/Protoforge | Found Faulty Cep. Energy Mantle 35560 | -3/Protoforge | Found Cep. Hypertargeting System 35752 | -3/Protoforge | Spotted AP7-3 35752 | -3/Protoforge | Spotted AP7-3 35758 | -3/Protoforge | Destroyed AP7-3 35790 | -3/Protoforge | Destroyed AP7-3 35817 | -3/Protoforge | Found Prototype Processor 35817 | -3/Protoforge | Identified Exp. Targeting Computer 35828 | -3/Protoforge | Found Prototype Device 35828 | -3/Protoforge | Identified Exp. ECM Suite 35841 | -3/Protoforge | Found Cep. Cloak Mesh 35845 | -3/Protoforge | Found Faulty Cep. Cloak Mesh 35851 | -3/Protoforge | Found Cep. Impact Drone Bay 35858 | -3/Protoforge | Found Faulty Cep. Thermoelectric Network 35862 | -3/Protoforge | Found Faulty Cep. Thermoelectric Network 36025 | -3/Protoforge | Found Cep. Navigation Harness 36341 | -3/Protoforge | Crushed by falling debris 36342 | -3/Protoforge | System corruption reached 10% 36355 | -3/Protoforge | Found Faulty Cep. Zero-point Core 36378 | -3/Protoforge | Found Faulty Cep. Zero-point Core 36399 | -3/Protoforge | Found Faulty Cep. Zero-point Core 36508 | -3/Protoforge | Spotted Decapitator 36508 | -3/Protoforge | Spotted Decapitator 36513 | -3/Protoforge | Destroyed 9 combat bots 36550 | -3/Protoforge | Spotted V621-d 36550 | -3/Protoforge | Spotted V082-u 36568 | -3/Protoforge | Destroyed V082-u 36586 | -3/Protoforge | Spotted V466-t 36589 | -3/Protoforge | Destroyed V621-d 36631 | -3/Protoforge | Spotted V386-t 36635 | -3/Protoforge | Build established: Mutant 36664 | -3/Protoforge | Destroyed V466-t 36677 | -3/Protoforge | Destroyed V386-t 36703 | -3/Protoforge | Found Faulty Cep. Plasma Driver 36747 | -3/Protoforge | Found Faulty Exp. Jetlance 36783 | -3/Protoforge | Found Faulty Exp. Jetlance 36788 | -3/Protoforge | Found Cep. Plasma Driver 36916 | -3/Protoforge | Destroyed 11 combat bots 36957 | -3/Protoforge | Build established: Scavenger-Mutant 37037 | -3/Protoforge | Destroyed 19 combat bots 37054 | -3/Protoforge | Spotted Decapitator 37058 | -3/Protoforge | Destroyed Decapitator 37058 | -3/Protoforge | Destroyed Decapitator 37059 | -3/Protoforge | Destroyed Decapitator 37060 | -3/Protoforge | Destroyed Decapitator 37107 | -3/Protoforge | Spotted V086-u 37116 | -3/Protoforge | Destroyed V086-u 37126 | -3/Protoforge | Found Femtoactuators 37171 | -3/Protoforge | Found Cep. Deflector Sword 37202 | -3/Protoforge | Found Cep. Melee Reflex Suite 37368 | -3/Protoforge | Found Cep. Antigrav Storage Unit 37514 | -3/Protoforge | Destroyed 14 combat bots 37662 | -3/Protoforge | Found Cep. Lightning Penetrator 37760 | -3/Protoforge | Destroyed 8 combat bots 37814 | -3/Protoforge | Destroyed 8 combat bots 38023 | -3/Protoforge | Found Exp. Active Sensor Suite 38106 | -3/Protoforge | Entered Research 38106 | -2/Research | Evolved 2 slots: Power x1, Utility x1 38237 | -2/Research | High security lockdown imminent 38317 | -2/Research | High security lockdown engaged 38370 | -2/Research | Build established: Gladiator 38411 | -2/Research | Discovered new exit (range 5) 38417 | -2/Research | Identified exit to Testing 38418 | -2/Research | Entered Testing 38593 | -2/Testing | Found Prototype Hackware 38705 | -2/Testing | Rewired PH-XCR6S7NSS9 38918 | -2/Testing | First assault squad dispatched 39099 | -2/Testing | Discovered new exit (range 5) 39108 | -2/Testing | Entered Access 39108 | -1/Access | Evolved 2 slots: Utility x2 39393 | -1/Access | Identified System Mapper 39567 | -1/Access | Found Prototype Launcher 39567 | -1/Access | Identified Enh. Gamma Bomb Array 39685 | -1/Access | Build established: Hacker-Gladiator 39755 | -1/Access | Watched by a mysterious "MATRIX" hacker 39904 | -1/Access | Found Prototype Processor 39904 | -1/Access | Identified Exp. Armor Integrity Analyzer 40118 | -1/Access | Destroyed 7 combat bots 40358 | -1/Access | First assault squad dispatched 40361 | -1/Access | Destroyed 9 combat bots 40475 | -1/Access | Unchained authorized (QV-33N) 40485 | -1/Access | High security lockdown imminent 40565 | -1/Access | High security lockdown engaged 40599 | -1/Access | Discovered new exit (range 3) 40604 | -1/Access | Entered Command 40974 | -1/Command | Spotted Combat Programmer 41136 | -1/Command | Spotted M Guard 41138 | -1/Command | Spotted M Guard 41150 | -1/Command | Spotted Combat Programmer 41167 | -1/Command | Destroyed Combat Programmer 41170 | -1/Command | Destroyed Combat Programmer 41203 | -1/Command | Destroyed M Guard 41223 | -1/Command | Destroyed M Guard 41223 | -1/Command | All MAIN.C guards destroyed 41246 | -1/Command | Destroyed 7 combat bots 41354 | -1/Command | First assault squad dispatched 41395 | -1/Command | 0b10 Conduit disabled 41396 | -1/Command | Met MAIN.C 41439 | -1/Command | System corruption reached 10% 41447 | -1/Command | Destroyed MAIN.C Shell 41448 | -1/Command | Surrendered to MAIN.C 41448 | -1/Command | Loaded intel: 63 machine locations 41448 | -1/Command | Loaded intel: 113 trap records 41448 | -1/Command | Identified exit to Surface 41448 | -1/Command | Discovered exit to Surface (range 46) 41448 | -1/Command | Discovered exit to Surface (range 102) 41530 | -1/Command | Found Prototype Reactor 41530 | -1/Command | Identified Vortex Chain Reactor 41533 | -1/Command | Found Vortex Chain Reactor 41536 | -1/Command | Found Prototype Device 41536 | -1/Command | Identified Exp. EM Shield 41542 | -1/Command | Found Exp. System Purifier 41584 | -1/Command | Build established: Gladiator 41607 | -1/Command | MAIN.C activated Command garrisons 41647 | -1/Command | Unknown forces attacked Command 41647 | -1/Command | Spotted EQ-000 41647 | -1/Command | Spotted EQ-005 41647 | -1/Command | Spotted EQ-006 41647 | -1/Command | Spotted EQ-002 41647 | -1/Command | Spotted EQ-009 41647 | -1/Command | Spotted EQ-001 41647 | -1/Command | Spotted EQ-004 41647 | -1/Command | Spotted EQ-003 41679 | -1/Command | Destroyed EQ-004 41685 | -1/Command | Spotted EQ-015 41686 | -1/Command | Destroyed EQ-001 41690 | -1/Command | Destroyed EQ-006 41694 | -1/Command | Core integrity fell below 50% 41701 | -1/Command | Destroyed EQ-000 41716 | -1/Command | Lost 3 parts (2u1w) 41734 | -1/Command | Spotted EQ-020 41734 | -1/Command | Spotted EQ-019 41734 | -1/Command | Spotted EQ-023 41734 | -1/Command | Spotted EQ-021 41736 | -1/Command | Destroyed EQ-020 41743 | -1/Command | Destroyed EQ-019 41746 | -1/Command | Found Prototype Processor 41746 | -1/Command | Identified Exp. Core Analyzer 41759 | -1/Command | Destroyed EQ-023 41760 | -1/Command | Spotted EQ-018 41761 | -1/Command | Destroyed EQ-018 41777 | -1/Command | Lost 5 allies 41802 | -1/Command | Phase Generator disabled 41819 | -1/Command | Spotted EQ-026 41820 | -1/Command | Destroyed EQ-026 41837 | -1/Command | Destroyed EQ-039 41863 | -1/Command | Spotted EQ-016 41866 | -1/Command | Spotted EQ-033 41889 | -1/Command | Spotted EQ-028 41899 | -1/Command | Destroyed EQ-028 41928 | -1/Command | Lost 4 allies 41954 | -1/Command | Spotted EQ-060 41954 | -1/Command | Spotted EQ-072 41954 | -1/Command | Spotted EQ-061 41959 | -1/Command | Destroyed EQ-072 41989 | -1/Command | Spotted EQ-073 41997 | -1/Command | Spotted EQ-083 42012 | -1/Command | Spotted EQ-063 42017 | -1/Command | Destroyed Executioner 42028 | -1/Command | Build established: Scavenger-Mutant 42052 | -1/Command | Lost 8 allies 42094 | -1/Command | Spotted EQ-108 42107 | -1/Command | Spotted EQ-055 42119 | -1/Command | Spotted EQ-077 42121 | -1/Command | Spotted EQ-107 42123 | -1/Command | Lost 6 allies 42131 | -1/Command | Destroyed EQ-107 42137 | -1/Command | Spotted EQ-101 42141 | -1/Command | Destroyed EQ-055 42151 | -1/Command | Destroyed EQ-108 42162 | -1/Command | Destroyed EQ-101 42165 | -1/Command | Spotted EQ-123 42166 | -1/Command | Spotted EQ-114 42180 | -1/Command | Destroyed EQ-114 42189 | -1/Command | Spotted EQ-131 42193 | -1/Command | Spotted EQ-134 42194 | -1/Command | Spotted EQ-136 42201 | -1/Command | Spotted EQ-088 42202 | -1/Command | Spotted EQ-115 42206 | -1/Command | Allies destroyed EQ-088 42208 | -1/Command | Destroyed EQ-123 42209 | -1/Command | Attackers retreated from Command 42209 | *** | Fortifying 0b10! Last Messages --------------- 42207_ Impact Drone released from Cep. Impact Drone Bay. 42207_ Destroyed Adv. Dynamic Insulation System. 42207_ EQ-134 system corrupted by crushing effect. 42207_ EQ-134 knocked back. 42207_ Knocked back. 42207_ Destroyed Imp. Quantum Reactor. 42207_ EQ-123 system corrupted by crushing effect. 42207_ EQ-123 knocked back. 42208_ EQ-123 destroyed. 42208_ EQ-115 knocked back. 42208_ EQ-136 knocked back. 42208_ EQ-134 knocked back. 42209_ ALERT: Enemy forces retreating. MAIN.C: I admit your assistance was pivotal here. It looks like I was right to trust you. This attack appears to have been designed to merely test our defenses, although it was nearly effective enough to force me to take the conflict to the next level. Investigating the origins of these bots should be one of our highest priorities... Map ----- +----------------------------------------------------+ | # #?????????????????????????????????#? | | #^^^#?????????????????????????????????#? | | ###########^^^#??###########################????#? | | ??#########% #??#?????????????????????????#????#? | | ??# !]! #??#?#######################?#????#? | | ??# ! #%!!#??#?#""" " !=!!!!######### | | ??# ;%= #??#?# " %!=%=!%#?#?????? | | ??# ;! ##?#?# = % /*]*!!######### | | ??# # # ?#?#" " * %%%!=*!%*/%%== [ ] | | ####+##+#;; %;;?#?#" =%= %%[!]=%==[%=!%= | | ## !!!#?#?#"" %!% *%!%!!!=%=%%%%!%= | | ##%!*!!%?#?#" "" *%* =%!!!!==######### | | ##!!%==%?#?# " %% = [%%= %=! #?#?????? | | #%![=%!###?# ==%=! ######### | | "" #%*%==*; #?# != % %% != #?#????#? | | """ #=![[%! ##?# [%!!= =%! "#?#????#? | | """" ![%!=* #?#"%= !]7!%% = % % ""#?#????#? | | "" ; *!%![#!#?#[%!=! g * % % ""#?#????#? | | %*n!*=#?#!!*=%=*=%! " #?#????#? | | =%**[!!%n!####=]==!%[!!% % #?#????#? | | %%!]!%!=!==[%%M%=!% !!% ! % #?#????#? | | "" " [%!%=!=!!n%=%h*%%==% !%% % #?#????#? | | ""T *!%%!=%n*n=*!%%% % %!!![ % #?#????#? | | " % ;%=!*%!!#### !%!%[ % %%#?#????#? | | ;;%!!!*=[#?# % %%! % %%%%#?#????#? | | ;; %%!=# #?# % %@%!! % %%%]%#?#????#? | | ##;;;;;;;; % ];##?#######################?#????#? | | ; ; ; % ###?????????????????????????#????#? | | ; ! ; #?###########################????#? | | %=%%![%[/% #????????????????????????????????#? | | "[!%=!*%; ^ #????????????????????????????????#? | | "]%][%*!;#;;###????????????????????????????????#? | | "%%!!!=!;# #???????????????????????????????????#? | | ## %!!%! ## #???????????????????????????????????#? | | #" %*= ##;####????????????????????????????????#? | | " %"! + #????????????????????????????????#? | | #% %"%### [ #????????????????????????????????#? | | # "##### #????????????????????????????????#? | | #*% + #????????????????????????????????#? | | + ! ##### #????????????????????????????????#? | | # #???# #????????????????????????????????#? | | ## #???# #????????????????????????????????#? | | # #######+###########????????????????????????#? | | #????????????????????????#? | | T#????????????????????????#? | | ############## ##????????????????????????#? | | ######?????????#### ##????????????????????????#? | | #####??????????#][ * =#????????????????????????#? | | # #??????????#[[[ = =#????????????????????????#? | | # < #??????????#!!! =#????????????????????????#? | +----------------------------------------------------+ Best States ------------- Heat Dissipation 93 Coolant Potential 120 Energy Generation 93 Energy Capacity 1640 Matter Stores 300 Matter Capacity 800 Sight Range 21 Robot Scan Range 20 Terrain Scan Density 10 ECM Strength 3 Jamming Range 16 Cloak Strength 6 Armor Coverage 800 Resistance: KI 10 Resistance: EM 75 Core Shielding 90 Utility Shielding 90 Projectile Deflection 15 Weapon Cycling 30 Melee Speed Boost 50 Phase Shifting 10 Evasion (%) 89 Targeting Accuracy 42 Melee Accuracy 16 Target Analysis 8 Core Analysis 8 Armor Integrity Analysis 50 Recoil Reduction 2 Offensive Hacking 20 Defensive Hacking 12 Item Schematics ----------------- Machine Rigger | -9/Scraptown | Extrapolated Mak. Coolant Network | -9/Scraptown | Extrapolated Lgt. Humpback | -9/Scraptown | Extrapolated Deep Structural Scanner | -9/Scraptown | Extrapolated Mak. Leg | -9/Scraptown | Extrapolated Mak. Targeting Computer | -9/Scraptown | Extrapolated Mak. Terrain Scan Processor | -6/Factory | Extrapolated Mak. Medium Armor Plating | -6/Factory | Extrapolated Mak. Sensor Array | -6/Factory | Extrapolated 0b10 Decoder Chip [Generic] | -6/Factory | Extrapolated 0b10 Decoder Chip [Scout] | -6/Factory | Extrapolated 0b10 Decoder Chip [Skirmisher] | -6/Factory | Extrapolated Spk. Medium Treads | -6/Factory | Extrapolated Mak. Power Source | -6/Factory | Extrapolated Spk. Treads | -6/Factory | Extrapolated Mak. Heavy Armor Plating | -6/Factory | Extrapolated Mak. Ablative Armor | -6/Factory | Extrapolated Mak. Hacking Suite | -6/Factory | Extrapolated Beamcaster | -6/Factory | Extrapolated Barrage Gun | -6/Factory | Extrapolated Slug Cannon | -6/Factory | Extrapolated Mak. Core Shielding | -6/Factory | Extrapolated Multitool | -6/Factory | Extrapolated Mak. Laser | -6/Factory | Extrapolated Tactical Coordination Suite | -6/Factory | Extrapolated Nuclear Pulse Array | -6/Factory | Hacked Mak. Terrain Scanner | -6/Factory | Extrapolated Mak. Light Armor Plating | -6/Factory | Extrapolated Mak. Trap Scanner | -6/Lower Caves | Extrapolated Hvy. Battle Rifle | -6/Lower Caves | Extrapolated Plasma Flamer | -6/Lower Caves | Extrapolated Hvy. Beamcaster | -6/Lower Caves | Extrapolated Mak. Thermal Plating | -6/Lower Caves | Extrapolated Heat Bomb Trap | -6/Lower Caves | Extrapolated Energy Deflector | -6/Zion | Extrapolated Lyr. Heavy Armor Plating | -6/Zion | Archive Thermic Laser | -6/Zion | Archive Centrium Wheel | -6/Zion | Archive Imp. Arc Projector | -6/Zion | Archive EM Shield | -6/Zion | Archive Fission Core | -6/Zion | Archive Imp. Coolant Injector | -6/Zion | Archive Tesla Rifle | -6/Zion | Archive Imp. Reaction Control System | -6/Zion | Archive Adv. Transmission Jammer | -6/Zion | Archive Flexi-carbon Leg | -6/Zion | Archive Imp. Transmission Jammer | -6/Zion | Archive Hyp. Gauss Rifle | -6/Zion | Archive Imp. Kinecellerator | -6/Zion | Archive Thermal Shield | -6/Zion | Archive Spk. Heavy Treads | -5/Proximity Caves | Extrapolated Mak. Shrapnel Gun | -5/Proximity Caves | Extrapolated Mak. Kinetic Plating | -5/Factory | Extrapolated Mak. Power Shielding | -5/Factory | Extrapolated Mak. Transmission Jammer | -5/Factory | Extrapolated Mak. Axe | -5/Factory | Extrapolated Multireflex Exoskeleton | -5/Upper Caves | Extrapolated Assault Drone Bay | -5/Zhirov | Free Exp. Heat Sink | -5/Zhirov | Free Exp. Optical Array | -5/Zhirov | Free Imp. Arc Thrower | -5/Zhirov | Free Hvy. Antimatter Reactor | -3/Quarantine | Archive Enh. Fission Core | -3/Quarantine | Archive Exp. Signal Interpreter | -3/Quarantine | Archive Exp. Energy Well | -3/Protoforge | Archive Exp. Thermal Shield | -3/Protoforge | Archive Exp. Target Analyzer | -3/Protoforge | Archive Exp. Thermal Generator | -3/Protoforge | Archive Imp. Diametric Drive | -3/Protoforge | Archive Plasma Sword | -3/Protoforge | Archive Helical Railgun | -3/Protoforge | Archive Adv. Dynamic Insulation System | -3/Protoforge | Archive Hvy. Proton Cannon | -3/Protoforge | Archive Cld. Gravmag System | -2/Testing | Archive Robot Schematics ------------------ X-77 Beamer | -6/Zion | Archive G-50 Soldier | -6/Zion | Archive A-15 Conveyor | -6/Zion | Archive B-74 Champion | -3/Protoforge | Archive R-10 Processor | -3/Protoforge | Archive Fabricated ------------ Deep Structural Scanner | x1 | -6/Factory Adv. Transmission Jammer | x2 | -5/Factory Repaired ---------- Lgt. Treads | 60% | -10/Materials Arm. Wheel | 38% | -6/Factory Lyr. Medium Armor Plating | 27% | -6/Factory Lrn. Missile Launcher | 55% | -6/Factory Hvy. Flak Cannon | 46% | -6/Factory Enh. Armored Leg | 45% | -5/Factory Studied --------- Hvy. Flak Cannon | -6/Factory | Hacked Myomer Leg | -4/Factory | Hacked Mic. Antimatter Reactor | -3/Quarantine | Hacked Impulse Thruster Array | -3/Quarantine | Hacked Xenon Bombardment Thruster | -3/Quarantine | Hacked Alien Tech Used ----------------- Integrated Reactor Sigix Broadsword Matter Drive Achievements -------------- Power Plant Challenges ------------ None Game ------ Seed ScrapDeliveryStabilizer Manual? 0 Play Time 04:54:53 Cumulative 2311.3 hours Start 2026.08.30 @ 22:58:04 End 2026.08.31 @ 04:01:17 Sessions 3 Manual Loads 0 Difficulty Rogue Special Mode None Game No. 1439 Rogue 1435 Adventurer 4 Explorer 0 Win Type 8 Total 335 Types 250/15/27/11/4/1/6/10/7/4 Lore% 99 Gallery% 96 Achievement% 95 Wizard Run 0 Options --------- Layout 2 ASCII 0 Keyboard 1 Movement Vi Keybinds 0 Fullscreen 0 Font 24/Terminus Map View 59x48 Zoom Use 0% Tactical HUD 1 Map Filters NONE Filters NONE Steam 1 RUN: b43f7a5d-be16-4592-9a3a-de92d8d82aed